 Dungeon Crawl Stone Soup version 0.27-a0-1137-g3ef0f4ec91 (webtiles) character file.

Game seed: 7138751962914698333

11939258 Gaff the Archmage (level 27, 228/228 HPs)
             Began as a Djinni Air Elementalist on May 3, 2021.
             Was the Champion of Makhleb.
             Escaped with the Orb
             ... and 15 runes on May 6, 2021!
             The game lasted 15:10:43 (138229 turns).

Gaff the Archmage (Djinni Air Elementalist)       Turns: 138229, Time: 15:10:44

Health: 228/228    AC: 35    Str: 11    XL:     27
Gold:   13145      EV: 25    Int: 37    God:    Makhleb [******] SH: 32 Dex: 11

rFire    + + +     SeeInvis +   a - +3 Elemental Staff {rElec rF++ rC++ Will++ AC+5}
rCold    + + .     Faith    .   d - +8 tower shield {reflect}
rNeg     + + +     Spirit   .   p - quicksilver dragon scales
rPois    ∞         Reflect  +   t - +0 helmet of Odiyq {rC++ Int+4}
rElec    +         Harm     .   Q - +2 cloak {Will+}
rCorr    .         Rampage  .   y - +2 pair of gloves {archery}
Will     +++++                  (boots unavailable)
Stlth    +++.......             w - amulet of Freedom {rPois rC- rN++ Regen+ Slay+2}
HPRegen  1.48/turn              x - ring "Boeq" {Fire rElec Int+4}
MPRegen  0.00/turn              i - ring "Vexyffaq" {+Blink rC+ rN+ Str+4 Slay+2}

@: agile, flying, studying 2 skills
A: sickness immunity, fire resistance 2, cold vulnerability 1, float, innate
caster, hp casting, extra vitality 1, camouflage 2, see invisible, deterioration
1, wild magic 1, evolution 1, [clumsy 2]
0: Orb of Zot
}: 15/15 runes: serpentine, barnacled, slimy, silver, golden, iron, obsidian,
icy, bone, abyssal, demonic, glowing, magical, fiery, dark
a: Renounce Religion, Evoke Blink, Minor Destruction, Lesser Servant of Makhleb,
Major Destruction, Greater Servant of Makhleb


You escaped.
You worshipped Makhleb.
Makhleb was exalted by your worship.
You visited 18 branches of the dungeon, and saw 90 of its levels.
You visited Pandemonium 3 times, and saw 17 of its levels.
You visited the Abyss 1 time.
You also visited: Trove, Ossuary, Gauntlet, Volcano and Desolation.

You collected 20326 gold pieces.
You spent 7181 gold pieces at shops.

Inventory:

Hand Weapons
 a - the +3 Elemental Staff (weapon) {rElec rF++ rC++ Will++ AC+5}
   (You bought it in a shop on level 2 of the Orcish Mines)

   It affects your AC (+5).
   It greatly protects you from fire.
   It greatly protects you from cold.
   It insulates you from electricity.
   It greatly increases your willpower.
 b - the +5 long sword "Ruuteniz" {flame, *Corrode Int+3 Dex+4 SInv}
   (You took it off a balrug in Pandemonium)

   It has been specially enchanted to burn those struck by it, causing extra
   injury to most foes and up to half again as much damage against particularly
   susceptible opponents.
   Big, fiery blades are also staple armaments of hydra-hunters.
   It affects your intelligence (+3).
   It affects your dexterity (+4).
   It lets you see invisible.
   It may corrode you when you take damage.
 k - the +10 whip "Buovuew" {drain, *Slow Int+4}
   (You found it on level 3 of the Tomb of the Ancients)

   A truly terrible weapon, it drains the life of those it strikes.
   It affects your intelligence (+4).
   It may slow you when you take damage.
 r - the +11 fustibalus "Xariso" {vorpal, rC- rN++ Int+2 Stlth+}
   (You found it on level 7 of Tartarus)

   Any stone fired from it inflicts extra damage.
   It affects your intelligence (+2).
   It makes you vulnerable to cold.
   It greatly protects you from negative energy.
   It makes you more stealthy.
 C - a +6 long sword of holy wrath
 Z - the +9 morningstar "Ecwedohe" {vorpal, rCorr Int+3 Dex+6 Stlth+}
   (You found it on level 3 of the Tomb of the Ancients)

   It inflicts extra damage upon your enemies.
   It affects your intelligence (+3).
   It affects your dexterity (+6).
   It protects you from acid and corrosion.
   It makes you more stealthy.
Missiles
 e - 17 curare-tipped darts
 o - 16 boomerangs of dispersal
 u - 17 silver javelins
 K - 11 throwing nets
Armour
 d - a +8 tower shield of reflection (worn)
 p - quicksilver dragon scales (worn)
 t - the +0 helmet of Odiyq (worn) {rC++ Int+4}
   (You bought it in a shop on level 2 of the Orcish Mines)

   It affects your intelligence (+4).
   It greatly protects you from cold.
 y - a +2 pair of gloves of archery (worn)
 G - the -2 hat of the Alchemist {rElec rPois rF+ rC+ rN+ Will+ rMut rCorr}
   (You found it on level 7 of Tartarus)

   It protects you from fire.
   It protects you from cold.
   It insulates you from electricity.
   It protects you from poison.
   It protects you from negative energy.
   It protects you from acid and corrosion.
   It protects you from mutation.
   It increases your willpower.
 Q - a +2 cloak of willpower (worn)
Jewellery
 i - the ring "Vexyffaq" (right hand) {+Blink rC+ rN+ Str+4 Slay+2}
   (You found it in the Desolation of Salt)

   [ring of positive energy]

   It affects your strength (+4).
   It affects your accuracy and damage with ranged weapons and melee attacks
   (+2).
   It protects you from cold.
   It protects you from negative energy.
   It lets you blink.
 n - the amulet of the Vendetta {Reflect rElec rN+ Will+ Slay+2 SH+5}
   (You acquired it on level 12 of the Dungeon)

   [amulet of reflection]

   It reflects blocked missile attacks.
   It affects your accuracy and damage with ranged weapons and melee attacks
   (+2).
   It insulates you from electricity.
   It protects you from negative energy.
   It affects your SH (+5).
   It increases your willpower.
 w - the amulet of Freedom (around neck) {rPois rC- rN++ Regen+ Slay+2}
   (You found it on level 5 of the Pits of Slime)

   [amulet of regeneration]

   It affects your accuracy and damage with ranged weapons and melee attacks
   (+2).
   It makes you vulnerable to cold.
   It protects you from poison.
   It greatly protects you from negative energy.
   It increases your rate of health regeneration.
 x - the ring "Boeq" (left hand) {Fire rElec Int+4}
   (You took it off a frost giant on level 5 of the Depths)

   [ring of fire]

   It enhances your fire magic.
   It affects your intelligence (+4).
   It protects you from fire.
   It makes you vulnerable to cold.
   It insulates you from electricity.
 A - the ring of Buuw {+Blink rCorr Int-2 Dex+4 Slay+3}
   (You found it on level 4 of the Shoals)

   [ring of resist corrosion]

   It affects your intelligence (-2).
   It affects your dexterity (+4).
   It affects your accuracy and damage with ranged weapons and melee attacks
   (+3).
   It lets you blink.
   It protects you from acid and corrosion.
 R - the necklace of Bloodlust {*Rage +Rage Will++ Int-3 Slay+6}
   (You found it on level 3 of the Tomb of the Ancients)

   [amulet of nothing]

   It affects your intelligence (-3).
   It affects your accuracy and damage with ranged weapons and melee attacks
   (+6).
   It lets you go berserk.
   It may make you go berserk in combat.
   It greatly increases your willpower.
Wands
 f - a wand of acid (46)
 E - a wand of polymorph (56)
 M - a wand of charming (38)
 N - a wand of paralysis (45)
 P - a wand of digging (15)
Scrolls
 s - 2 scrolls of magic mapping
 D - a scroll of enchant weapon
 F - 3 scrolls of blinking
 I - 24 scrolls of teleportation
 L - 4 scrolls of fear
 O - 3 scrolls of summoning
 U - a scroll of brand weapon
 V - 7 scrolls of immolation
 W - 8 scrolls of fog
 X - 4 scrolls of holy word
 Y - 17 scrolls of vulnerability
Potions
 c - 5 potions of ambrosia
 g - 4 potions of heal wounds
 h - 11 potions of haste
 j - 15 potions of might
 l - 9 potions of invisibility
 m - 9 potions of cancellation
 v - 7 potions of resistance
 z - 18 potions of attraction
 B - 11 potions of lignification
 H - 13 potions of brilliance
 J - 7 potions of mutation
 T - 12 potions of curing
Miscellaneous
 q - a figurine of a ziggurat
 S - a condenser vane


   Skills:
 O Level 27 Fighting
 - Level 2.7(13.8) Short Blades
 - Level 20.0 Long Blades
 - Level 8.7 Staves
 - Level 12.4(16.0) Slings
 + Level 16.6(18.0) Throwing
 O Level 27 Armour
 O Level 27 Dodging
 - Level 14.7 Stealth
 O Level 27 Shields
 O Level 27 Spellcasting
 + Level 25.0 Invocations
 + Level 13.2 Evocations


You couldn't memorise any spells.
You knew the following spells:

 Your Spells              Type           Power      Damage    Failure   Level
a - Shock                 Conj/Air       100%       1d9       1%          1
b - Static Discharge      Conj/Air       100%       N/A       1%          2
c - Swiftness             Air            100%       N/A       1%          3
d - Airstrike             Air            85%        N/A       1%          4
e - Lightning Bolt        Conj/Air       85%        1d113     1%          5
f - Sandblast             Erth           100%       2d20      1%          1
g - Call Imp              Summ           100%       N/A       1%          2
h - Poisonous Vapours     Pois/Air       100%       N/A       1%          2
i - Animate Dead          Necr           72%        N/A       1%          4
j - Hailstorm             Conj/Ice       100%       3d20      1%          4
k - Silence               Hex/Air        85%        N/A       1%          5
l - Iron Shot             Conj/Erth      85%        9d15      1%          6
m - Simulacrum            Ice/Necr       85%        N/A       1%          6
n - Invisibility          Hex            100%       N/A       1%          6
o - Summon Horrible Thin  Summ           72%        N/A       1%          8
p - Discord               Hex            72%        N/A       1%          8
q - Necromutation         Tmut/Necr      72%        N/A       1%          8
r - Fire Storm            Conj/Fire      99%        8d25      1%          9
Your spell library was empty.

Dungeon Overview and Level Annotations

Branches:
Dungeon (15/15)            Temple (1/1) D:5            Lair (6/6) D:8
 Shoals (4/4) Lair:2        Snake (4/4) Lair:4        Slime (5/5) Lair:6
    Orc (2/2) D:10            Elf (3/3) Orc:2        Vaults (5/5) D:13
  Crypt (3/3) Vaults:3       Tomb (3/3) Crypt:3      Depths (5/5) D:15
   Hell (visited)             Dis (7/7) Hell            Geh (7/7) Hell
    Coc (7/7) Hell            Tar (7/7) Hell            Zot (5/5) Depths:5
Ossuary (visited)         Volcano (visited)         Desolation (visited)
Gauntlet (visited)

Altars:
Ashenzari
Cheibriados
Dithmenos
Elyvilon
Fedhas
Gozag
Hepliaklqana
Kikubaaqudgha
Makhleb
Nemelex Xobeh
Okawaru
Qazlal
Ru
Sif Muna
Trog
Uskayaw
Vehumet
Wu Jian
Xom
Yredelemnul
Zin
The Shining One
Beogh

Shops:
D:3 !   D:9 :[   D:11 =   D:12 [   Orc:2 [(:(   Elf:2 *!?[(   Shoals:1 :
Snake:1 =::   Snake:2 *   Snake:4 *   Vaults:2 (   Vaults:5 *

Portals:
Hell: Depths:1 Depths:2 Depths:3 Depths:4 Depths:5
Abyss: Depths:2 Depths:4
Pandemonium: Depths:3
Ziggurat: Depths:5

Annotations:
Vaults:1 2 runed translucent doors, Paarhy's ghost, legendary MfBe
Zot:3 2 runed translucent doors, Peqeif's ghost, legendary GnMo
Zot:5 1 exclusion


Innate Abilities, Weirdness & Mutations

You are immune to sickness and miasma.
You are immune to poison.
Your flesh is very heat resistant. (rF++)
You are vulnerable to cold. (rC-)
You float through the air rather than walking.
You learn spells naturally, not from books.
Your magical power is your life essence.
You have superior vitality. (+4 HP)
Your skin blends seamlessly with your surroundings (Stealth++).
You have supernaturally acute eyesight. (SInv)
Your body sometimes deteriorates upon taking damage.
Your spells are a little harder to cast, but a little more powerful.
You evolve.
[You are very clumsy. (Dex -4)]


Message History

You feel your strength returning.
Really fly into that cloud of flame?
Okay, then.
You swap places.
There is a stone staircase leading up here.
You fly upwards.
Your summoned ally is left behind.
Your surroundings suddenly seem different.
A gelid demonspawn comes into view. It is wielding a +0 scimitar.
A gelid corrupter comes into view.
It is wielding a +0 trident and wearing a +0 leather armour of poison resistance.
Casting: Fire Storm (dangerous; 1% risk of failure)
Confirm with . or Enter, or press ? or * to list all spells.
Aiming: Fire Storm (dangerous; 1% risk of failure)
Press: ? - help, Dir - move target, f - gelid corrupter
Aim: a gelid corrupter, wielding a +0 trident and wearing a +0 leather armour of poison resistance (wandering, surrounded by an icy envelope, hasn't noticed you)
You feel a strong surge of power!
A raging storm of fire appears!
The great blast of fire engulfs the gelid corrupter!!!!
The gelid corrupter's icy envelope dissipates!
The gelid corrupter is almost dead.
The great blast of fire engulfs the gelid demonspawn!!!!
The gelid demonspawn's icy envelope dissipates!
You kill the gelid demonspawn!
Makhleb accepts your kill.
You feel better.
An infernal corrupter comes into view. It is wielding a +0 halberd.
The gelid corrupter is engulfed in blazing flames.
You kill the gelid corrupter!
Makhleb accepts your kill.
You feel better.
Your Invocations skill increases to level 25!
There is an open door here.
The infernal corrupter misses you.
The infernal corrupter prays to Lugonu.
You feel clumsy. x2
There is a stone staircase leading up here.
You block the infernal corrupter's attack.
You fly upwards.
Your summoned ally is left behind.
There is a stone staircase leading down here.
HP restored.
There is a staircase leading out of the dungeon here.
You have escaped!

♣P...## #######..##...### #.#
♣♣.P..# ######.....###### #.#
.♣♣.♣P####...#.....#...## #.#
.PP♣♣♣...#.8.#.....#.8.## #.#
#.P..♣.###...#.....#...## #.##
##....PP.#####.....######
####...
###.P..................#
#......
##.###...............###.#####
#.# #.......@.......#....####
#.# #........................
#.# #..)............#....####
#.# ######.....######.#.#####
#.# ##...#.....#...##.#.#....
#.# ##.8.#.....#.8.##.#.#....
#.# ##...#.....#...##.#.#....
#.# ######.....######.#.#....
#.# ########..#######.#......


There were no monsters in sight!

Vanquished Creatures
  Cerebov (Pan)
  Antaeus (Coc:7)
  Asmodeus (Geh:7)
  the Royal Jelly (Slime:5)
  Dissolution (Slime:5)
  Gloorx Vloq (Pan)
  Ereshkigal (Tar:7)
  Mnoleg (Pan)
  14 pandemonium lords
  Dispater (Dis:7)
  Lom Lobon (Pan)
  7 ancient liches
  6 dread liches
  9 orbs of fire
  Mennas (Pan)
  2 juggernauts
  36 royal mummies
  3 Killer Klowns (Zot:5)
  12 shard shrikes
  Frederick (Tomb:3)
  Vashnia (Snake:4)
  The ghost of Ongus the Brawler, a veteran TrEE of Sif Muna (Depths:5)
  Saint Roka (Orc:2)
  Bai Suzhen (Elf:3)
  Xtahua (Crypt:3)
  Nikola (Snake:1)
  2 curse toes
  5 caustic shrikes
  7 golden dragons
  Geryon (Hell)
  Jory (Crypt:3)
  15 bone dragons
  A profane servitor (Crypt:3)
  9 doom hounds
  25 Brimstone Fiends
  21 Tzitzimimeh
  20 tentacled monstrosities
  4 electric golems
  3 iron giants (Dis:7)
  2 hellephants (Abyss:3)
  10 Hell Sentinels
  Jorgrun (Orc:1)
  27 Ice Fiends
  24 liches
  26 Orb Guardians
  4 deep elf master archers (Elf:3)
  8 quicksilver dragons
  8 titans
  3 deep elf blademasters (Elf:3)
  Murray (Depths:4)
  8 death cobs
  A kraken (Shoals:1)
  6 tentacled starspawn
  The ghost of celly00 the Warrior, an adept DjAE of Ru (Shoals:3)
  25 acid blobs
  25 ancient champions
  41 Executioners
  Polyphemus (Shoals:4)
  18 shadow dragons
  9 sphinxes
  5 tengu reavers
  Kirke (Elf:1)
  13 azure jellies
  6 rockslimes
  8 revenants
  6 draconian monks
  4 nagarajas (Snake:4)
  The ghost of Eheximeo the Cleaver, an adept GnBe of Trog (Elf:2)
  8 storm dragons
  3 ghost moths
  8 fire giants
  7 deep elf sorcerers
  13 warmongers (Pan)
  14 frost giants
  5 draconian knights
  33 cacodemons
  12 iron dragons
  4 draconian scorchers
  12 vault wardens
  63 balrugs
  2 imperial myrmidons (Desolation)
  16 black suns (Pan)
  4 draconian shifters
  Louise (Snake:1)
  3 ghouls (Crypt:3)
  5 curse skulls
  30 very ugly things
  2 elemental wellsprings (Coc:7)
  A spectral caustic shrike (Depths:2)
  The ghost of Mitamm the Tainter, a journeyman OpVM of Sif Muna (Lair:5)
  11 draconian annihilators
  16 ironbound preservers
  2 spriggan defenders (Depths:4)
  3 deep elf elementalists
  An ophan (Abyss:3)
  20 quicksilver oozes
  100 reapers
  10 blood saints (Pan)
  26 stone giants
  The ghost of Naunuok the Eclecticist, a journeyman DEIE of Vehumet (Elf:3)
  5 deep elf demonologists
  17 war gargoyles
  7 draconian stormcallers
  11 bennus
  6 corrupters
  12 green draconians
  6 purple draconians
  8 black draconians
  16 vampire knights
  14 starcursed masses
  10 yellow draconians
  11 dire elephants
  A minotaur (Gauntlet)
  2 red draconians
  9 white draconians
  A spectral titan (Depths:2)
  2 halazid warlocks (Desolation)
  46 lorocyprocas
  5 spark wasps
  14 deep elf annihilators
  6 eidola
  3 merfolk javelineers
  35 blizzard demons
  11 deep elf death magi
  25 green deaths
  An ettin (shapeshifter) (Depths:3)
  8 ettins
  11 merfolk impalers
  5 quicksilver dragon zombies
  13 fire dragons
  4 crystal guardians
  5 spectral golden dragons (Depths:2)
  7 ragged hierophants (Desolation)
  10 jiangshi
  17 yaktaur captains
  Josephine (Orc:2)
  Harold (D:10)
  25 mummy priests
  12 great orbs of eyes
  5 deep elf high priests
  20 ice dragons
  3 ironbound thunderhulks
  9 rakshasas
  3 salamander tyrants
  4 boulder beetles
  2 quicksilver dragon skeletons
  6 servants of whispers (Desolation)
  8 spriggan air magi
  4 hydras
  7 vault guards
  3 juggernaut simulacra
  5 merfolk avatars
  5 peacekeepers
  10 monstrous demonspawn (Pan)
  Erolcha (Orc:1)
  A spectral shadow dragon (Depths:2)
  2 spectral fire giants (Depths:2)
  9 ironbound frosthearts
  5 caustic shrike simulacra
  An ogre mage (D:13)
  2 spectral stone giants (Depths:2)
  13 centaur warriors
  5 hell beasts
  5 two-headed ogres
  15 naga warriors
  2 alligator snapping turtles (Shoals:3)
  A two-headed ogre (shapeshifter) (Abyss:2)
  4 catoblepae
  9 merfolk aquamancers
  2 death knights
  A ghost crab (Tar:7)
  104 death scarabs
  10 death yaks
  3 satyrs
  12 anacondas
  9 tengu warriors
  An alligator (shapeshifter) (D:14)
  8 deep troll shamans
  13 vampire magi
  8 naga sharpshooters
  28 hell hogs
  A titan zombie (Dis:7)
  7 deep troll earth magi
  28 dancing weapons
  12 thrashing horrors
  Urug (Orc:2)
  4 ironbound beastmasters
  8 spriggan berserkers
  4 spectral storm dragons (Depths:2)
  57 soul eaters
  121 sun demons
  7 shock serpents
  An iron golem (Geh:6)
  5 storm dragon zombies
  15 deep elf knights
  8 titan skeletons
  2 spriggans (Depths:5)
  7 wretched stars
  57 hell knights
  4 spectral spriggans (Depths:2)
  5 salamander mystics
  2 spectral elves (Depths:2)
  9 iron trolls
  42 sixfirhies
  120 skeletal warriors
  16 shadow wraiths
  3 spatial maelstroms
  A quicksilver dragon simulacrum (Crypt:3)
  A glowing orange brain (shapeshifter) (Vaults:5)
  4 golden dragon zombies
  15 flayed ghosts
  10 glowing orange brains
  7 storm dragon skeletons
  44 deep trolls
  6 death drakes
  9 sea snakes
  5 anaconda zombies
  13 infernal demonspawn (Pan)
  2 orange crystal statues (Depths:2)
  11 gelid demonspawn
  4 golden dragon skeletons
  16 ironbound convokers
  2 ghost moth zombies
  7 deep elf archers
  6 lindwurms
  19 torturous demonspawn (Pan)
  7 naga ritualists
  16 harpies
  36 shadow demons
  27 necromancers
  24 deep elf zephyrmancers
  11 wizards
  5 anaconda skeletons
  A kraken simulacrum (Coc:2)
  5 orc knights
  5 wolf spider zombies
  3 orc sorcerers
  25 deep elf pyromancers
  A shadow dragon zombie (Dis:3)
  2 wolf spiders
  14 mana vipers
  2 frost giant zombies
  4 human zombies
  28 phantasmal warriors
  3 shadow dragon skeletons
  44 ugly things
  A spectral ettin (Depths:2)
  6 stone giant zombies
  3 iron dragon zombies
  15 fauns
  7 shining eyes
  13 manticores
  30 salamanders
  6 cyclopes
  11 fire giant zombies
  24 moths of wrath
  40 rust devils
  6 worldbinders
  8 fire giant skeletons
  2 shock serpent zombies
  83 large abominations
  Maurice (D:9)
  6 iron dragon skeletons
  3 titan simulacra
  5 stone giant skeletons
  22 naga magi
  7 frost giant skeletons
  2 elephants (Abyss:3)
  18 vault sentinels
  An eleionoma skeleton (Crypt:1)
  35 black mambas
  6 merfolk sirens
  A guardian serpent (shapeshifter) (Depths:1)
  3 dire elephant zombies
  A torpor snail (shapeshifter) (Elf:3)
  2 apocalypse crabs
  13 guardian serpents
  2 eyes of devastation (Slime:5)
  20 cane toads
  3 water nymphs
  3 dire elephant skeletons
  7 ice statues
  80 smoke demons
  2 yaktaur zombies (Vaults:1)
  5 torpor snails (Lair:6)
  3 storm dragon simulacra
  43 orange demons
  39 hellions
  2 gargoyles
  2 elf zombies
  An elephant slug zombie (Crypt:2)
  A white draconian zombie (Crypt:3)
  12 molten gargoyles
  2 yaktaurs (shapeshifter)
  2 shock serpent skeletons
  3 rime drakes
  3 unseen horrors
  31 yaktaurs
  A kobold demonologist (D:9)
  11 komodo dragons
  54 tormentors
  26 freezing wraiths
  A ghost moth simulacrum (Coc:7)
  An anaconda simulacrum (Coc:4)
  28 demonic crawlers
  2 tengu conjurers
  3 golden dragon simulacra
  31 ice devils
  A spectral glowing shapeshifter (Depths:2)
  3 spectral tengu (Depths:2)
  40 hellwings
  16 efreet
  56 guardian mummies
  5 harpy zombies
  12 hydra zombies
  6 ancient zymes
  3 meliai (D:13)
  27 merfolk
  80 red devils
  3 silent spectres
  2 catoblepas skeletons
  3 tyrant leeches (Lair:6)
  2 hornets (shapeshifter) (Elf:3)
  A shadow dragon simulacrum (Depths:2)
  7 trolls
  A sea snake skeleton (Hell)
  A tengu simulacrum (Depths:2)
  A jumping spider (shapeshifter) (Vaults:5)
  2 polar bears
  23 wind drakes
  37 saltlings (Desolation)
  A harpy skeleton (Dis:1)
  9 blink frogs
  9 raiju
  7 hydra skeletons
  5 alligator zombies
  85 slime creatures
  9 dream sheep
  6 ettin zombies
  7 fire dragon zombies
  17 hornets
  9 snapping turtles
  A deep troll zombie (Vaults:4)
  A centaur simulacrum (D:15)
  131 flying skulls
  8 ice dragon zombies
  An iron dragon simulacrum (Depths:2)
  An alligator skeleton (Coc:7)
  2 ice dragon skeletons
  4 vampires
  18 shadows
  2 black mamba zombies
  4 ettin skeletons
  74 ynoxinuls
  4 redbacks (Lair:6)
  38 water elementals
  Sigmund (D:4)
  2 fire bats (Volcano)
  15 wyverns
  5 fire dragon skeletons
  A tyrant leech zombie (Crypt:3)
  31 wraiths
  5 basilisks
  A hog (Elf:1)
  67 yaks
  48 chaos spawn
  A black mamba skeleton (Pan)
  22 fire elementals
  40 neqoxecs
  8 golden eyes
  2 elf simulacra
  17 ushabtiu
  2 vampire mosquitoes (D:14)
  Menkaure (Ossuary)
  A gelid demonspawn zombie (Crypt:3)
  2 steam dragons
  9 spatial vortices
  Edmund (D:4)
  77 nagas
  A faun zombie (Crypt:2)
  12 small abominations
  31 water moccasins
  An acid dragon (D:12)
  50 hell hounds
  Duvessa (D:4)
  10 cane toad zombies
  An infernal demonspawn skeleton (Crypt:1)
  2 sky beasts
  A torturous demonspawn skeleton (Crypt:2)
  2 floating eyes
  A deep troll skeleton (Crypt:2)
  An ogre skeleton (Vaults:1)
  40 orc warriors
  4 ice beasts
  31 necrophages
  An ice beast (shapeshifter) (Elf:3)
  2 black bears
  A black bear (shapeshifter) (Abyss:2)
  4 cane toad skeletons
  8 ogres
  4 manticore zombies
  5 snapping turtle zombies
  An ice dragon simulacrum (Coc:4)
  A swamp dragon zombie (Dis:7)
  4 boggarts (Vaults:1)
  22 wolves
  24 centaurs
  A snapping turtle skeleton (Pan)
  3 manticore skeletons
  4 phantoms
  3 kobold brigands (D:9)
  9 bullfrogs
  2 earth elementals
  A scorpion (shapeshifter) (Elf:3)
  2 wyvern zombies
  2 elf skeletons
  A gnoll sergeant (D:7)
  A glowing shapeshifter simulacrum (Depths:2)
  A salamander skeleton (Crypt:1)
  2 scorpions
  A draconian skeleton (Crypt:1)
  A palentonga skeleton (Crypt:1)
  A water moccasin skeleton (D:5)
  Dowan (D:4)
  10 killer bees
  3 spriggan zombies
  A troll zombie (Tar:4)
  85 wights
  5 electric eels
  7 howler monkeys
  A spriggan skeleton (Geh:7)
  2 centaur zombies
  A crimson imp (Abyss:2)
  A human simulacrum (Vaults:4)
  2 bullfrog zombies
  7 lava snakes
  A quasit (Abyss:2)
  3 jellies
  9 hounds
  An iguana (shapeshifter) (Elf:3)
  12 orc priests
  2 centaur skeletons
  2 gnoll shamans (D:6)
  16 iron imps
  A basilisk skeleton (Crypt:1)
  5 iguanas
  Jessica (D:3)
  2 bullfrog skeletons
  Natasha (twice) (D:4)
  13 orc wizards
  4 hell rats (Lair:4)
  A sky beast zombie (Crypt:3)
  A tengu zombie (Crypt:3)
  A tengu skeleton (Pan)
  A naga skeleton (Crypt:2)
  An acid dragon skeleton (Crypt:1)
  50 mummies
  2 hound skeletons
  Robin (D:2)
  14 gnolls
  8 adders
  A steam dragon skeleton (Crypt:3)
  15 shadow imps
  14 white imps
  4 ufetubi
  10 dart slugs
  76 orcs
  7 ball pythons
  10 bats
  3 endoplasms
  2 giant cockroaches (D:2)
  A giant cockroach (shapeshifter) (Elf:3)
  2 gnoll zombies (Ossuary)
  7 goblins
  7 hobgoblins
  8 jackals
  A jackal (shapeshifter) (Elf:3)
  5 kobolds
  5 quokkas
  4 frilled lizards
  4 gnoll skeletons (Ossuary)
  2 goblin skeletons (Ossuary)
  3 goblin zombies (Ossuary)
  5 hobgoblin skeletons (Ossuary)
  3 kobold skeletons
  7 kobold zombies
  3 orc skeletons (Ossuary)
  4 orc zombies (Ossuary)
  5 rats
  5 rat skeletons (Ossuary)
  9 rat zombies (Ossuary)
  5 ball lightnings (Pan)
  7 butterflies (Vaults:3)
  50 fire vortices
  A lurking horror (Abyss:3)
  15 plants
  A starspawn tentacle (Abyss:2)
  7 tentacles
5561 creatures vanquished.

Vanquished Creatures (collateral kills)
  A royal mummy (Tomb:2)
  3 acid blobs
  A titan (Pan)
  An Orb Guardian (Zot:5)
  A tentacled starspawn (Abyss:3)
  A death cob (Zot:4)
  A pandemonium lord (Pan)
  A frost giant (Depths:1)
  2 balrugs
  A warmonger (Pan)
  A cacodemon (Pan)
  An ironbound preserver (Vaults:3)
  A war gargoyle (Hell)
  A green draconian (Zot:3)
  A corrupter (Pan)
  A stone giant (Vaults:5)
  A bennu (Tomb:1)
  A red draconian (Zot:4)
  A purple draconian (Zot:1)
  A lorocyproca (Pan)
  A dire elephant (Abyss:3)
  2 blizzard demons
  A quicksilver dragon zombie (Coc:7)
  An ettin (Depths:1)
  A deep elf high priest (Vaults:5)
  3 ice dragons (Coc:7)
  A quicksilver dragon skeleton (Coc:7)
  22 vault guards
  A deep troll shaman (Depths:2)
  A deep troll earth mage (Depths:1)
  5 death scarabs (Tomb:2)
  A thrashing horror (Abyss:3)
  A titan zombie (Geh:6)
  A hell knight (Geh:4)
  A skeletal warrior (Dis:1)
  A wretched star (Abyss:3)
  5 iron trolls
  A torturous demonspawn (Pan)
  An anaconda skeleton (Hell)
  3 deep trolls
  A wizard (Vaults:2)
  A golden dragon skeleton (Coc:7)
  A shadow dragon skeleton (Coc:7)
  A shadow dragon zombie (Geh:6)
  An ugly thing (Vaults:2)
  A deep elf zephyrmancer (Vaults:5)
  A fire giant skeleton (Pan)
  2 large abominations (Pan)
  A moth of wrath (Zot:5)
  An eye of devastation (shapeshifter) (Depths:2)
  A dire elephant zombie (Tomb:3)
  A dire elephant skeleton (Pan)
  3 hellions
  3 yaktaurs (Vaults:5)
  A freezing wraith (Coc:7)
  A hellwing (Pan)
  A golden dragon simulacrum (Crypt:3)
  2 hydra zombies (Coc:7)
  4 slime creatures
  A harpy skeleton (Coc:7)
  A hydra skeleton (Coc:7)
  An ice dragon zombie (Coc:7)
  2 flying skulls
  A wraith (Abyss:2)
  2 ushabtiu (Tomb:1)
  3 ynoxinuls (Pan)
  3 golden eyes
  A chaos spawn (Pan)
  A fire elemental (Geh:4)
  A necrophage (Crypt:3)
  4 wights
  9 mummies
  3 shadow imps
  A white imp (Coc:7)
  A ball lightning (Pan)
  A starspawn tentacle (Abyss:2)
141 creatures vanquished.

Vanquished Creatures (others)
  An eldritch tentacle (Pan)
  A deep elf annihilator (Pan)
  A blizzard demon (Pan)
  A rakshasa (Pan)
  4 vault guards (Vaults:5)
  A merfolk aquamancer (Shoals:3)
  A hell hog (Hell)
  4 smoke demons (Pan)
  A yaktaur (Vaults:5)
  A hellion (Pan)
  A wind drake (Pan)
  A wraith (Geh:6)
  A ynoxinul (Pan)
  A human (Elf:1)
  A chaos spawn (Abyss:2)
  A floating eye (Depths:3)
  A hell hound (Geh:1)
  A white imp (Abyss:2)
  A gnoll zombie (Ossuary)
  2 goblin skeletons (Ossuary)
  2 hobgoblin skeletons (Ossuary)
  An orc zombie (Ossuary)
  2 ball lightnings (Pan)
  1051 fire vortices
  73 fungi
  256 plants
  15 starspawn tentacles
  31 tentacles
  A withered plant (Shoals:2)
1459 creatures vanquished.

Grand Total: 7161 creatures vanquished

Notes
Turn   | Place    | Note
-------+----------+-------------------------------------------
     0 | D:1      | Gaff the Djinni Air Elementalist began the quest for the
                  | Orb.
     0 | D:1      | Reached XP level 1. HP: 15/15 MP: 0/0
   228 | D:1      | Found a faded altar of an unknown god.
   386 | D:1      | Became a worshipper of Elyvilon the Healer
   386 | D:1      | Reached * piety under Elyvilon
   419 | D:1      | Reached XP level 2. HP: 20/22 MP: 0/0
   543 | D:1      | Reached skill level 1 in Fighting
  1473 | D:2      | Reached XP level 3. HP: 24/27 MP: 0/0
  1473 | D:2      | Learned a level 1 spell: Sandblast
  1605 | D:2      | Reached ** piety under Elyvilon
  1966 | D:2      | Reached skill level 1 in Shields
  2047 | D:2      | Found a white marble altar of Elyvilon.
  2466 | D:2      | Reached XP level 4. HP: 31/32 MP: 0/0
  2818 | D:2      | Noticed Robin
  2828 | D:2      | Killed Robin
  3398 | D:3      | Reached XP level 5. HP: 33/38 MP: 0/0
  3398 | D:3      | Learned a level 2 spell: Call Imp
  3467 | D:3      | Found Acweas's Distillery.
  3646 | D:3      | Noticed Jessica
  3669 | D:3      | Killed Jessica
  3913 | D:3      | Found a sacrificial altar of Ru.
  3956 | D:4      | Reached *** piety under Elyvilon
  3974 | D:4      | Reached XP level 6. HP: 36/45 MP: 0/0
  4174 | D:4      | Noticed Sigmund
  4187 | D:4      | Killed Sigmund
  4401 | D:4      | Noticed an orc warrior
  4402 | D:4      | Reached skill level 5 in Spellcasting
  4414 | D:4      | Killed an orc warrior
  4415 | D:4      | Reached XP level 7. HP: 28/50 MP: 0/0
  4415 | D:4      | Learned a level 2 spell: Poisonous Vapours
  4556 | D:4      | Found a white marble altar of Elyvilon.
  4680 | D:4      | Noticed Natasha
  4683 | D:4      | Killed Natasha
  4836 | D:4      | Noticed Natasha
  4838 | D:4      | Killed Natasha
  4982 | D:4      | Noticed Dowan
  4982 | D:4      | Noticed Duvessa
  5408 | D:5      | Entered Level 5 of the Dungeon
  5518 | D:5      | Identified 2 scrolls of acquirement
  5518 | D:5      | Acquired a staff of air
  5521 | D:5      | Acquired a manual of Fighting
  5766 | D:5      | Found a sand-covered staircase.
  5771 | Ossuary  | Entered an ossuary
  7092 | Ossuary  | Noticed Menkaure
  7098 | Ossuary  | Killed Menkaure
  7099 | Ossuary  | Reached XP level 8. HP: 22/58 MP: 0/0
  7420 | D:5      | Reached skill level 5 in Fighting
  7664 | D:5      | Found a staircase to the Ecumenical Temple.
  7673 | Temple   | Entered the Ecumenical Temple
  8383 | D:5      | Reached **** piety under Elyvilon
  9067 | D:6      | Reached skill level 5 in Shields
  9165 | D:6      | Found a glowing silver altar of Zin.
  9176 | D:6      | Reached XP level 9. HP: 59/67 MP: 0/0
  9176 | D:6      | Learned a level 4 spell: Animate Dead
  9853 | D:7      | Noticed a hornet
 10104 | D:7      | Noticed a hornet
 10106 | D:7      | Killed a hornet
 10490 | D:7      | Reached ***** piety under Elyvilon
 10674 | D:7      | Killed a hornet
 11275 | D:7      | Acquired a +0 cloak of willpower
 11560 | D:7      | Reached skill level 1 in Invocations
 11678 | D:6      | Reached XP level 10. HP: 63/77 MP: 0/0
 11944 | D:8      | Reached XP level 11. HP: 84/84 MP: 0/0
 11944 | D:8      | Learned a level 4 spell: Hailstorm
 12399 | D:8      | Found a staircase to the Lair.
 12731 | D:8      | Found an iron altar of Okawaru.
 12911 | D:8      | Found a glowing golden altar of the Shining One.
 13192 | D:9      | Found Riedakif's Book Boutique.
 13426 | D:9      | Reached skill level 10 in Fighting
 13517 | D:9      | Found Faotoho's Antique Armour Shoppe.
 13533 | D:9      | Bought a slimy leather armour for 203 gold pieces
 13533 | D:9      | Identified the +1 leather armour of Dithmenos's Hatred {rF+
                  | SInv} (You bought it in a shop on level 9 of the Dungeon)
 13668 | D:9      | Found a hide-covered altar of Uskayaw.
 13937 | D:9      | Noticed Maurice
 13942 | D:9      | Killed Maurice
 14047 | D:10     | Entered Level 10 of the Dungeon
 14121 | D:10     | Noticed Harold
 14231 | D:10     | Killed Harold
 14480 | D:10     | Reached XP level 12. HP: 80/93 MP: 0/0
 14714 | D:10     | Found a staircase to the Orcish Mines.
 14942 | D:10     | Reached ****** piety under Elyvilon
 15828 | D:11     | Noticed a two-headed ogre
 15833 | D:11     | Killed a two-headed ogre
 15853 | D:11     | Found Heawujai's Jewellery Emporium.
 15865 | D:11     | Noticed a seven-headed hydra
 15869 | D:11     | Killed a seven-headed hydra
 16231 | D:11     | Identified the +3 robe of Plasticity {*Corrode +Blink rPois
                  | Will+}
 16647 | D:12     | Identified the +1 plate armour of Grace {Will+ Int+10}
 16695 | D:12     | Identified the ring "Roam" {Ice rN+ Int+4}
 16767 | D:12     | Found Esteon's Armour Emporium.
 17068 | Lair:1   | Entered Level 1 of the Lair of Beasts
 17071 | Lair:1   | Reached skill level 1 in Armour
 17172 | Lair:1   | Found a dark tunnel.
 17186 | Volcano  | Entered a volcano
 17555 | Volcano  | Reached XP level 13. HP: 74/102 MP: 0/0
 17555 | Volcano  | Learned a level 5 spell: Silence
 18669 | Lair:2   | Found a staircase to the Shoals.
 20837 | Lair:4   | Found a staircase to the Snake Pit.
 20947 | Lair:4   | Reached skill level 5 in Armour
 21684 | Lair:5   | Found a transporter.
 21859 | Lair:5   | Noticed Mitamm's ghost (journeyman OpVM)
 21863 | Lair:5   | Found a transporter.
 22252 | Lair:5   | You are sucked into a shaft and drop 1 floor!
 22252 | Lair:6   | Entered Level 6 of the Lair of Beasts
 22261 | Lair:6   | Reached XP level 14. HP: 82/111 MP: 0/0
 22588 | Lair:6   | Reached skill level 15 in Spellcasting
 22661 | Lair:6   | Found a staircase to the Slime Pits.
 22683 | Lair:6   | Reached skill level 10 in Invocations
 24257 | Lair:6   | Reached XP level 15. HP: 115/118 MP: 0/0
 24257 | Lair:6   | Learned a level 6 spell: Iron Shot
 24289 | Lair:6   | Found a runed translucent door.
 25168 | D:4      | Killed Dowan
 25170 | D:4      | Killed Duvessa
 25330 | D:4      | Noticed Edmund
 25334 | D:4      | Killed Edmund
 25358 | D:4      | Found a burning altar of Makhleb.
 25834 | D:12     | Found a portal to a secret trove of treasure.
 25882 | D:12     | You paid a toll of 4 potions of resistance to enter a
                  | treasure trove
 25883 | Trove    | Entered a treasure trove
 25915 | Trove    | Identified the amulet "Ilesmeg" {Acrobat Harm rCorr}
 26343 | D:12     | Reached XP level 16. HP: 124/124 MP: 0/0
 26344 | D:12     | Reached XP level 17. HP: 130/130 MP: 0/0
 26344 | D:12     | Learned a level 6 spell: Simulacrum
 26626 | D:13     | Found a gate to the Vaults.
 27518 | D:14     | Reached skill level 15 in Fighting
 28809 | D:15     | Entered Level 15 of the Dungeon
 28874 | D:15     | Acquired quicksilver dragon scales
 29251 | D:15     | Found a shadowy altar of Dithmenos.
 29364 | D:15     | Found a blossoming altar of Fedhas.
 29431 | D:15     | Reached skill level 10 in Armour
 29482 | D:15     | Found a staircase to the Depths.
 30018 | Orc:1    | Entered Level 1 of the Orcish Mines
 30167 | Orc:1    | Noticed Jorgrun
 30172 | Orc:1    | Killed Jorgrun
 30549 | Orc:2    | Entered Level 2 of the Orcish Mines
 30549 | Orc:2    | Noticed Erolcha
 30557 | Orc:1    | Killed Erolcha
 30690 | Orc:2    | Noticed Urug
 30750 | Orc:2    | Killed Urug
 30870 | Orc:2    | Noticed Saint Roka
 30881 | Orc:2    | Killed Saint Roka
 30882 | Orc:2    | Reached XP level 18. HP: 102/139 MP: 0/0
 30977 | Orc:2    | Noticed Josephine
 30981 | Orc:2    | Killed Josephine
 31001 | Orc:2    | Found a gate leading to a gauntlet.
 31025 | Gauntlet | Entered a Gauntlet
 31025 | Gauntlet | Found a transporter.
 31087 | Gauntlet | Found a transporter.
 31101 | Gauntlet | Found a transporter.
 31105 | Gauntlet | Found a transporter.
 31120 | Gauntlet | Found a transporter.
 31135 | Gauntlet | Found a transporter.
 31138 | Gauntlet | Found a transporter.
 31142 | Gauntlet | Found a transporter.
 31143 | Gauntlet | Found the +8 arc blade {discharge, rElec}
 31164 | Gauntlet | Found a transporter.
 31182 | Gauntlet | Found a transporter.
 31186 | Gauntlet | Found a transporter.
 31187 | Gauntlet | Found a runed translucent door.
 31197 | Gauntlet | Found a transporter.
 31723 | Gauntlet | Identified the +0 helmet "Niunoych" {Harm Will+ Int+3}
 31739 | Gauntlet | Identified the +0 cloak of Arapyc {rF+ Str+4 Slay+3}
 31825 | Gauntlet | Identified the ring "Hogh" {+Blink rPois rF+}
 32209 | Orc:2    | Found Saefrem's Book Shop.
 32209 | Orc:2    | Found Fouzxipn's Antique Weapon Emporium.
 32209 | Orc:2    | Found Ofehaera's Antique Armour Shoppe.
 32212 | Orc:2    | Found Viedghoam's Antique Weapon Boutique.
 32301 | Orc:2    | Found a staircase to the Elven Halls.
 33153 | Shoals:1 | Entered Level 1 of the Shoals
 33341 | Shoals:1 | Found Hiulaffabru's Book Boutique.
 35371 | Shoals:3 | Identified the +1 falchion of Defence by Offence {vamp,
                  | rElec Str+4}
 35425 | Shoals:3 | Found a transporter.
 35601 | Shoals:3 | Found a transporter.
 35606 | Shoals:3 | Noticed celly00's ghost (adept DjAE)
 35937 | Orc:2    | Bought the +3 Elemental Staff {rElec rF++ rC++ Will++ AC+5}
                  | for 2752 gold pieces
 35937 | Orc:2    | Found the +3 Elemental Staff {rElec rF++ rC++ Will++ AC+5}
 36223 | Lair:5   | Killed Mitamm's ghost
 36761 | Shoals:4 | Entered Level 4 of the Shoals
 36798 | Shoals:4 | Identified the +3 chain mail of Parts Unknown {rC+ Will+
                  | Int+3}
 36819 | Shoals:4 | Noticed Polyphemus
 36822 | Shoals:4 | Killed Polyphemus
 36909 | Shoals:4 | Reached XP level 19. HP: 123/145 MP: 0/0
 36909 | Shoals:4 | Learned a level 6 spell: Invisibility
 37211 | Shoals:4 | Identified the ring of Buuw {+Blink rCorr Int-2 Dex+4
                  | Slay+3}
 37260 | Shoals:4 | Identified the ring "Lautseyj" {rF- rC+ Str+6 Int+7 Dex-3}
 37569 | Shoals:4 | Identified the +0 pair of boots "Hefaz" {Harm Str+5 Int-2}
 37598 | Shoals:4 | Reached skill level 10 in Shields
 37965 | Shoals:4 | Identified the +1 leather armour "Isit" {rC+}
 37986 | Shoals:4 | Got a barnacled rune of Zot
 38380 | Elf:1    | Entered Level 1 of the Elven Halls
 38629 | Elf:1    | Noticed Kirke
 38634 | Elf:1    | Killed Kirke
 39785 | Elf:2    | Found a runed translucent gate.
 39785 | Elf:2    | Found a runed translucent gate.
 39787 | Elf:2    | Found a runed translucent gate.
 40014 | Elf:2    | Found Isostoun's Antique Weapon Emporium.
 40073 | Elf:2    | Found Fogajas's Magic Scroll Shop.
 40078 | Elf:2    | Found Imeamoq's Antique Armour Shop.
 40158 | Elf:2    | Found a runed translucent door.
 40159 | Elf:2    | Found Dypiadimawn's General Store.
 40163 | Elf:2    | Noticed Eheximeo's ghost (adept GnBe)
 40185 | Elf:2    | Identified the +12 short sword "Hyoba" {vorpal, rCorr}
 40316 | Elf:2    | Found Ovech's Distillery.
 40548 | Elf:3    | Entered Level 3 of the Elven Halls
 41255 | Elf:2    | Reached XP level 20. HP: 130/153 MP: 0/0
 41491 | Elf:3    | Noticed Bai Suzhen
 41514 | Elf:3    | Killed Bai Suzhen
 41582 | Elf:3    | Gained mutation: You are frail. (-10% HP) [mutagenic glow]
 41643 | Elf:3    | Gained mutation: You occasionally shout uncontrollably at
                  | your foes. [mutagenic glow]
 42085 | Elf:3    | Found a runed translucent gate.
 42085 | Elf:3    | Found a runed translucent gate.
 42086 | Elf:3    | Found a runed translucent gate.
 42241 | Elf:3    | Identified the Guide on Conjuration
 42968 | Elf:3    | Identified the +4 scimitar of Uthros {vamp, rF+ Will+
                  | Str+4}
 43187 | Elf:3    | Identified the +8 trident of Idito {vamp, Int+2 Dex+4}
 43500 | Elf:3    | Identified the +9 dagger of Kop Oxey {protect, Contam *Slow
                  | rElec rC++}
 43513 | Elf:3    | Identified the +5 trident of Plog {vorpal, Will- Dex+5
                  | SInv}
 43712 | Elf:3    | Identified the +7 plate armour of Buagub {Will+}
 43715 | Elf:3    | Identified the +1 helmet "Eggetwuo" {Int+2}
 44830 | Elf:3    | Identified the Disquisition on Ignition and Arcane Weapons
 45298 | Elf:3    | Found a runed translucent gate.
 45298 | Elf:3    | Found a runed translucent gate.
 45303 | Elf:3    | Noticed Naunuok's ghost (journeyman DEIE)
 45308 | Elf:3    | Found a runed translucent gate.
 45496 | Elf:3    | Gained mutation: You are occasionally teleported next to
                  | monsters. [a cacodemon]
 45515 | Elf:3    | Killed Naunuok's ghost
 45732 | Elf:3    | Identified the +0 hat of Evolution {Fly Int+2}
 46115 | Elf:2    | Bought a potion of mutation for 144 gold pieces
 46367 | Snake:1  | Entered Level 1 of the Snake Pit
 46525 | Snake:1  | Found a glowing golden altar of the Shining One.
 46525 | Snake:1  | Noticed Nikola
 46529 | Snake:1  | Killed Nikola
 46530 | Snake:1  | Reached XP level 21. HP: 77/142 MP: 0/0
 46530 | Snake:1  | Learned a level 8 spell: Summon Horrible Things
 46607 | Snake:1  | Noticed Louise
 46615 | Snake:1  | Killed Louise
 46705 | Lair:4   | Lost mutation: You are frail. (-10% HP) [potion of
                  | mutation]
 46705 | Lair:4   | Lost mutation: You occasionally shout uncontrollably at
                  | your foes. [potion of mutation]
 46705 | Lair:4   | Gained mutation: You are covered in fur. (AC +1) [potion of
                  | mutation]
 46705 | Lair:4   | Gained mutation: You are partially covered in iridescent
                  | scales. (AC +2) [potion of mutation]
 46707 | Lair:4   | Lost mutation: You are partially covered in iridescent
                  | scales. (AC +2) [potion of mutation]
 46707 | Lair:4   | Lost mutation: You are occasionally teleported next to
                  | monsters. [potion of mutation]
 46707 | Lair:4   | Lost mutation: You are covered in fur. (AC +1) [potion of
                  | mutation]
 46707 | Lair:4   | Gained mutation: Your body sometimes deteriorates upon
                  | taking damage. [potion of mutation]
 46707 | Lair:4   | Gained mutation: You are partially covered in iridescent
                  | scales. (AC +2) [potion of mutation]
 46707 | Lair:4   | Gained mutation: You possess an exceptional clarity of
                  | mind. [potion of mutation]
 46976 | Snake:1  | Found Litesam's Book Emporium.
 46977 | Snake:1  | Found Diemaesm's Jewellery Shop.
 46978 | Snake:1  | Found Gaddufon's Book Emporium.
 47495 | Snake:2  | Found a sacrificial altar of Ru.
 47565 | Snake:2  | Found Toys's Assorted Antiques.
 49733 | Snake:4  | Entered Level 4 of the Snake Pit
 49733 | Snake:4  | Found Luyfiorch's Assorted Antiques.
 50635 | Snake:4  | Noticed Vashnia
 50645 | Snake:4  | Killed Vashnia
 50646 | Snake:4  | Reached skill level 15 in Invocations
 51035 | Snake:4  | Reached XP level 22. HP: 99/166 MP: 0/0
 51416 | Snake:4  | Got a serpentine rune of Zot
 51791 | Vaults:1 | Entered Level 1 of the Vaults
 51868 | Vaults:1 | Found a ruined gateway.
 51934 | Desolati | Entered the Desolation of Salt
 52219 | Desolati | Identified the ring "Rixt" {Wiz *Slow +Blink rC++ Str-2}
 52221 | Desolati | Identified the ring "Vexyffaq" {+Blink rC+ rN+ Str+4
                  | Slay+2}
 52222 | Desolati | Found the +3 warlock's mirror {reflect}
 52255 | Desolati | Identified the ring "Anuhiurr" {rElec rN+ AC+4}
 52362 | Desolati | Identified the +2 short sword of Execution {drain, Fragile
                  | rF- rC+++ Int+9}
 52393 | Desolati | Identified the Papyrus of the Flying Blaze
 52394 | Desolati | Identified Kikubaaqudgha's Guide on Unholy Magic
 52397 | Desolati | Identified the amulet of Sunlight {-Tele Regen+ Str+7}
 52764 | Desolati | Identified the +3 plate armour of Limited Liability {rPois
                  | Dex+3}
 52797 | Desolati | Identified Adedek's Almanac of Destructive Creation
 53698 | Vaults:1 | Identified the +6 shortbow "Thing" {venom, Drain Fly Int+7}
 53854 | Vaults:1 | Found a large runed translucent door.
 53854 | Vaults:1 | Found a large runed translucent door.
 53854 | Vaults:1 | Noticed Paarhy's ghost (legendary MfBe)
 54830 | Vaults:2 | You are sucked into a shaft and drop 1 floor!
 55080 | Vaults:2 | Reached XP level 23. HP: 148/173 MP: 0/0
 55080 | Vaults:2 | Learned a level 8 spell: Discord
 55941 | Vaults:2 | Found Haze's Weapon Boutique.
 56452 | Vaults:3 | Reached skill level 15 in Shields
 56783 | Depths:1 | Entered Level 1 of the Depths
 57224 | Depths:1 | Reached skill level 1 in Evocations
 57586 | Depths:1 | Found a hide-covered altar of Uskayaw.
 57661 | Depths:1 | Found a gateway to Hell.
 58296 | Depths:2 | Found a one-way gate to the infinite horrors of the Abyss.
 58410 | Depths:2 | Reached XP level 24. HP: 128/181 MP: 0/0
 60020 | Depths:2 | Identified the +9 mace of Big Damage {freeze, rElec rC-
                  | SInv Stlth-}
 60027 | Depths:2 | Reached XP level 25. HP: 188/188 MP: 0/0
 60027 | Depths:2 | Learned a level 8 spell: Necromutation
 60146 | Depths:2 | Noticed a dread lich
 60148 | Depths:2 | Killed a dread lich
 60388 | Depths:3 | Found a glowing silver altar of Zin.
 60392 | Depths:3 | Noticed a juggernaut
 60617 | Depths:3 | Paralysed by a floating eye for 4 turns
 60631 | Depths:4 | HP: 7/189 [spriggan air mage/the air (21)]
 60704 | Depths:3 | Paralysed by a floating eye for 3 turns
 60714 | Depths:4 | Killed a juggernaut
 60896 | Depths:3 | HP: 2/187 [spriggan air mage/the air (21)]
 60901 | Depths:3 | Found a one-way gate leading to the halls of Pandemonium.
 61590 | Depths:3 | Reached XP level 26. HP: 187/197 MP: 0/0
 63758 | Depths:5 | Entered Level 5 of the Depths
 63764 | Depths:5 | Noticed Ongus's ghost (veteran TrEE)
 63914 | Depths:5 | Found a gateway to a ziggurat.
 64729 | Depths:5 | Noticed a juggernaut
 64734 | Depths:5 | Killed a juggernaut
 64931 | Depths:5 | Identified the ring "Boeq" {Fire rElec Int+4}
 64954 | Depths:5 | Found a runed translucent gate.
 64954 | Depths:5 | Found a runed translucent gate.
 64954 | Depths:5 | Found a runed translucent gate.
 65076 | Depths:5 | Found a broken altar of Ashenzari.
 65571 | Depths:5 | Reached XP level 27. HP: 184/205 MP: 0/0
 65571 | Depths:5 | Learned a level 9 spell: Fire Storm
 65605 | Depths:5 | Found a gate to the Realm of Zot.
 66167 | D:13     | Reached skill level 15 in Armour
 66743 | Vaults:3 | Found a huge runed gate.
 66743 | Vaults:3 | Found a huge runed gate.
 66744 | Vaults:3 | Found a huge runed gate.
 66745 | Vaults:3 | Found a huge runed gate.
 66745 | Vaults:3 | Found a huge runed gate.
 66745 | Vaults:3 | Found a huge runed gate.
 66753 | Vaults:3 | Found a huge runed gate.
 66753 | Vaults:3 | Found a huge runed gate.
 66756 | Vaults:3 | Found a huge runed gate.
 66756 | Vaults:3 | Found a huge runed gate.
 66756 | Vaults:3 | Found a huge runed gate.
 66756 | Vaults:3 | Found a huge runed gate.
 66756 | Vaults:3 | Found a huge runed gate.
 66756 | Vaults:3 | Found a huge runed gate.
 66756 | Vaults:3 | Found a huge runed gate.
 66758 | Vaults:3 | Found a huge runed gate.
 66759 | Vaults:3 | Found a huge runed gate.
 66783 | Vaults:3 | Found a huge runed gate.
 66783 | Vaults:3 | Found a huge runed gate.
 66783 | Vaults:3 | Found a huge runed gate.
 66783 | Vaults:3 | Found a huge runed gate.
 66783 | Vaults:3 | Found a huge runed gate.
 66783 | Vaults:3 | Found a huge runed gate.
 66783 | Vaults:3 | Found a huge runed gate.
 66784 | Vaults:3 | Found a huge runed gate.
 66785 | Vaults:3 | Found a huge runed gate.
 67202 | Vaults:3 | Found a staircase to the Crypt.
 67640 | Crypt:1  | Entered Level 1 of the Crypt
 69874 | D:13     | Upgraded the game from 0.27-a0-1122-g2a214b436d to
                  | 0.27-a0-1135-g81dfa19a63
 70229 | Shoals:3 | Killed celly00's ghost
 70301 | Shoals:3 | Identified the amulet "Epadeywn" {Spirit Rampage *Slow rC-
                  | Regen+}
 70303 | Shoals:3 | Identified the ring "Kueser" {rF+ rC+ rCorr Str+2 Slay+3}
 70618 | Orc:2    | Bought a translucent helmet for 199 gold pieces
 70618 | Orc:2    | Identified the +0 helmet of Odiyq {rC++ Int+4} (You bought
                  | it in a shop on level 2 of the Orcish Mines)
 70628 | Orc:2    | Bought a heavily jewelled robe for 119 gold pieces
 70628 | Orc:2    | Identified the +0 robe of Monotheism {rF- Dex+4} (You
                  | bought it in a shop on level 2 of the Orcish Mines)
 70990 | D:9      | Bought a manual of Dodging for 1876 gold pieces
 71257 | Vaults:5 | Entered Level 5 of the Vaults
 71262 | Vaults:5 | Reached skill level 5 in Dodging
 71312 | Vaults:5 | Killed a dread lich
 71395 | Vaults:5 | Noticed a dread lich
 71402 | Vaults:5 | Killed a dread lich
 71403 | Vaults:5 | Reached skill level 10 in Dodging
 71403 | Vaults:5 | Reached skill level 5 in Evocations
 71603 | Vaults:5 | Identified the +4 halberd "Ugitsees" {chaos, Int+3 Dex+3
                  | SInv}
 71819 | Vaults:5 | Noticed an ancient lich
 71822 | Vaults:5 | Killed an ancient lich
 71827 | Vaults:5 | Identified the +2 falchion "Inniagie" {vorpal, *Rage rElec
                  | Int+4 SInv}
 71941 | Vaults:5 | Noticed a dread lich
 71946 | Vaults:5 | Killed a dread lich
 72354 | Vaults:5 | Got a silver rune of Zot
 73041 | Vaults:5 | Found Vuesio's General Store.
 74009 | D:13     | Acquired the amulet of the Vendetta {Reflect rElec rN+
                  | Will+ Slay+2 SH+5}
 75813 | Crypt:1  | Reached skill level 1 in Throwing
 75872 | Crypt:1  | Found the +3 giant club "Skullcrusher" {speed, Str+7}
 76256 | Crypt:1  | Identified the +1 robe of Birdsong {Fly rCorr Str+4}
 77354 | Crypt:2  | Found a transporter.
 77422 | Crypt:3  | Entered Level 3 of the Crypt
 77467 | Crypt:2  | Reached skill level 1 in Short Blades
 78498 | Elf:2    | Killed Eheximeo's ghost
 79207 | Depths:5 | Killed Ongus's ghost
 79276 | Depths:5 | Identified the +1 war axe "Soimeogo" {speed, rN+ Int+4}
 79682 | Snake:1  | Bought a manual of Shields for 1656 gold pieces
 80607 | Crypt:3  | Noticed a dread lich
 80749 | Crypt:3  | Noticed Xtahua
 80753 | Crypt:3  | Killed Xtahua
 80795 | Crypt:3  | Killed a dread lich
 80796 | Crypt:3  | Noticed Jory
 80800 | Crypt:3  | Killed Jory
 81419 | Crypt:3  | Identified the +0 leather armour of Generosity {+Blink
                  | rPois}
 81536 | Crypt:3  | Found a basalt altar of Yredelemnul.
 81594 | Crypt:3  | Found a staircase to the Tomb.
 81908 | Crypt:3  | Identified the Almanac of Necromancy
 81909 | Crypt:3  | Identified the +3 fustibalus of Devotion {venom, Contam
                  | *Corrode rPois rN+++}
 81956 | Crypt:3  | Identified the ring of Udumoaqi {rN+ Int+5}
 81956 | Crypt:3  | Identified the ring "Unuar" {rElec rF+++ rC- rN+ Dex+3}
 81956 | Crypt:3  | Identified the ring "Wasut" {rC+ rN+ Int+2 Slay+2 Stlth+}
 82555 | Zot:1    | Entered Level 1 of the Realm of Zot
 84335 | Zot:2    | You are sucked into a shaft and drop 2 floors!
 85082 | Zot:3    | Found a large runed translucent door.
 85082 | Zot:3    | Found a large runed translucent door.
 85088 | Zot:3    | Noticed Peqeif's ghost (legendary GnMo)
 85474 | Zot:2    | Noticed an orb of fire
 85482 | Zot:2    | Killed an orb of fire
 85687 | Zot:2    | You are sucked into a shaft and drop 1 floor!
 88057 | Zot:5    | Entered Level 5 of the Realm of Zot
 88402 | Zot:5    | Noticed an orb of fire
 88407 | Zot:5    | Killed an orb of fire
 88672 | Zot:5    | Noticed an orb of fire
 88678 | Zot:5    | Gained mutation: [You are clumsy. (Dex -2)] [an orb of
                  | fire]
 88680 | Zot:5    | Killed an orb of fire
 88680 | Zot:5    | Noticed a dread lich
 88752 | Zot:5    | Noticed an orb of fire
 88753 | Zot:5    | Noticed an orb of fire
 88753 | Zot:5    | Gained mutation: You occasionally shout uncontrollably at
                  | your foes. [an orb of fire]
 88754 | Zot:5    | Killed a dread lich
 88754 | Zot:5    | Gained mutation: You are weak. (Str -2) [an orb of fire]
 88756 | Zot:5    | Gained mutation: You are dopey. (Int -2) [an orb of fire]
 88757 | Zot:5    | Gained mutation: Armour fits poorly on your strangely
                  | shaped body. [an orb of fire]
 88758 | Zot:5    | Killed an orb of fire
 88759 | Zot:5    | Killed an orb of fire
 88846 | Zot:5    | Noticed an orb of fire
 88849 | Zot:5    | Noticed an orb of fire
 88850 | Zot:5    | Noticed an orb of fire
 88851 | Zot:5    | Killed an orb of fire
 88852 | Zot:5    | Killed an orb of fire
 88853 | Zot:5    | Killed an orb of fire
 88925 | Zot:5    | Noticed an ancient lich
 88928 | Zot:5    | Noticed an ancient lich
 88929 | Zot:5    | Killed an ancient lich
 88931 | Zot:5    | Killed an ancient lich
 89010 | Zot:5    | Noticed an orb of fire
 89018 | Zot:5    | Killed an orb of fire
 89677 | Zot:5    | Noticed an ancient lich
 90278 | Zot:5    | Killed an ancient lich
 90928 | Zot:5    | Noticed an ancient lich
 90957 | Zot:5    | Killed an ancient lich
 90958 | Zot:5    | Reached skill level 15 in Dodging
 91806 | Slime:1  | Entered Level 1 of the Pits of Slime
 93838 | Slime:5  | Entered Level 5 of the Pits of Slime
 93838 | Slime:5  | Noticed Dissolution
 93842 | Slime:5  | Killed Dissolution
 93843 | Slime:5  | Reached skill level 10 in Evocations
 93945 | Slime:5  | Noticed the Royal Jelly
 93949 | Slime:5  | Killed the Royal Jelly
 94224 | Slime:5  | Found the ring of the Hare {EV+8}
 94236 | Slime:5  | Identified the Papyrus of Dark Poison
 94237 | Slime:5  | Identified the amulet of Freedom {rPois rC- rN++ Regen+
                  | Slay+2}
 94261 | Slime:5  | Identified the +7 flail of the Chain {drain, rF+ Int+2
                  | SInv}
 94270 | Slime:5  | Identified the +2 chain mail of Furikh {rN+ Regen+}
 94283 | Slime:5  | Identified the ring of Disaster {Int+5 SInv}
 94359 | Slime:5  | Identified the ring "Zuem" {rN+ Stlth+}
 94366 | Slime:5  | Identified the +8 rapier "Qump" {antimagic, +Rage Str+6}
 94387 | Slime:5  | Got a slimy rune of Zot
 95422 | Crypt:2  | Upgraded the game from 0.27-a0-1135-g81dfa19a63 to
                  | 0.27-a0-1136-g0b992a5a9d
 95678 | Crypt:2  | Found a transporter.
 96137 | D:4      | Fell from the grace of Elyvilon
 96137 | D:4      | Became a worshipper of Makhleb the Destroyer
 96645 | Depths:2 | Voluntarily entered the Abyss.
 97039 | Abyss:2  | Reached * piety under Makhleb
 97621 | Abyss:2  | Reached ** piety under Makhleb
 97767 | Abyss:2  | Noticed an ancient lich
 97776 | Abyss:2  | Killed an ancient lich
 97946 | Abyss:3  | Found a corrupted altar of Lugonu.
 98025 | Abyss:3  | Reached *** piety under Makhleb
 98130 | Abyss:3  | Found a corrupted altar of Lugonu.
 98151 | Abyss:3  | Got an abyssal rune of Zot
 98197 | Abyss:3  | Reached **** piety under Makhleb
 98313 | Abyss:3  | Gained mutation: You frequently scream uncontrollably at
                  | your foes. [a neqoxec]
 98400 | Depths:2 | Escaped the Abyss
 98455 | Hell     | Entered the Vestibule of Hell
 98455 | Hell     | Noticed Geryon
 98458 | Hell     | Killed Geryon
 98466 | Hell     | Reached skill level 5 in Throwing
 98607 | Hell     | Noticed Murray
 98615 | Depths:2 | Reached ***** piety under Makhleb
 98855 | Depths:4 | Killed Murray
 99057 | Hell     | Found a gateway to the ashen valley of Gehenna.
 99098 | Hell     | Found a gateway to the Iron City of Dis.
 99177 | Hell     | Found a gateway to the decaying netherworld of Tartarus.
 99237 | Hell     | Found a gateway to the freezing wastes of Cocytus.
 99440 | Pan      | Entered Pandemonium
 99798 | Pan      | Identified Sif Muna's Disquisition on Igneous
                  | Transmigration
 99815 | Pan      | Identified the +0 scale mail of Greed {*Corrode rC++ Dex+2}
100290 | Pan      | Reached ****** piety under Makhleb
100379 | Pan      | Got a demonic rune of Zot
100442 | Pan      | Identified the +5 glaive "Upiargh" {vorpal, Contam Int+4}
101102 | Pan      | Noticed Cemesurch the pandemonium lord
101113 | Pan      | Killed Cemesurch the pandemonium lord
101988 | Pan      | Entered the realm of Gloorx Vloq.
102612 | Pan      | Was forgiven by Elyvilon
103135 | Pan      | Noticed Gloorx Vloq
103141 | Pan      | Killed Gloorx Vloq
103773 | Pan      | Found an exit through the horrors of the Abyss.
103925 | Pan      | Got a dark rune of Zot
104082 | Depths:3 | Escaped Pandemonium
104278 | Pan      | Entered Pandemonium
104279 | Pan      | Noticed Hanim the pandemonium lord
104281 | Pan      | Killed Hanim the pandemonium lord
104647 | Pan      | Found an exit through the horrors of the Abyss.
104842 | Pan      | Entered the realm of Cerebov.
105156 | Pan      | Acquired 786 gold pieces
105727 | Pan      | Identified the +8 spear of Fate {flame, rF+ Will+}
105727 | Pan      | Identified the +11 arbalest "Hycups" {freeze, rN+ Will+}
105728 | Pan      | Identified the ring of Odomer {rElec Dex+6 Slay+2}
105729 | Pan      | Reached skill level 5 in Stealth
105784 | Pan      | Found the +6 sword of Cerebov {flame}
105784 | Pan      | Noticed Cerebov
105968 | Pan      | Identified the +5 long sword "Ruuteniz" {flame, *Corrode
                  | Int+3 Dex+4 SInv}
106888 | Pan      | Reached skill level 10 in Throwing
107195 | Pan      | Killed Cerebov
107196 | Pan      | Reached skill level 27 in Spellcasting
107292 | Pan      | Got a fiery rune of Zot
107315 | Pan      | Identified the ring "Jusunty" {Ice rElec rCorr Int+3
                  | Slay+2}
107478 | Pan      | Identified the +3 long sword "Fefauj" {vamp, *Corrode rPois
                  | Will+ Str+5}
107483 | Pan      | Identified the +9 hunting sling "Hydrabane" {vorpal, rC+
                  | Dex+2}
107484 | Pan      | Identified the +2 arbalest of the Pits of Slime {flame,
                  | rPois}
107625 | Pan      | Reached skill level 1 in Slings
107806 | Pan      | Noticed Tidouhy the pandemonium lord
108233 | Pan      | Found an exit through the horrors of the Abyss.
108271 | Pan      | Killed Tidouhy the pandemonium lord
108841 | Pan      | Reached skill level 5 in Slings
109529 | Pan      | Noticed Kioghyock the pandemonium lord
109537 | Pan      | Killed Kioghyock the pandemonium lord
109975 | Pan      | Found an exit through the horrors of the Abyss.
110269 | Pan      | Noticed Olegutav the pandemonium lord
110270 | Pan      | Killed Olegutav the pandemonium lord
111003 | Pan      | Noticed Qeekhlul the pandemonium lord
111005 | Pan      | Killed Qeekhlul the pandemonium lord
111977 | Depths:3 | Escaped Pandemonium
112573 | Pan      | Entered Pandemonium
112589 | Pan      | Lost mutation: Your body sometimes deteriorates upon taking
                  | damage. [a cacodemon]
112836 | Pan      | Found an exit through the horrors of the Abyss.
112989 | Pan      | Reached skill level 10 in Stealth
113223 | Pan      | Noticed Lenem the pandemonium lord
113226 | Pan      | Killed Lenem the pandemonium lord
113594 | Pan      | Entered the realm of Lom Lobon.
113603 | Pan      | Noticed Lom Lobon
113609 | Pan      | Got a magical rune of Zot
113619 | Pan      | Killed Lom Lobon
115434 | Pan      | Noticed Zytudwiti the pandemonium lord
115439 | Pan      | Killed Zytudwiti the pandemonium lord
115544 | Pan      | Entered the realm of Mnoleg.
115857 | Pan      | Gained mutation: You are very dopey. (Int -4) [a cacodemon]
116338 | Pan      | Noticed Mnoleg
116343 | Pan      | Killed Mnoleg
116344 | Pan      | Reached skill level 27 in Fighting
116418 | Pan      | Gained mutation: You are very weak. (Str -4) [a neqoxec]
116867 | Pan      | Gained mutation: Your spells are a little easier to cast,
                  | but a little less powerful. [a cacodemon]
116980 | Pan      | Gained mutation: You are frail. (-10% HP) [a neqoxec]
117003 | Pan      | Got a glowing rune of Zot
117215 | Pan      | Noticed Yfuken the pandemonium lord
117216 | Pan      | Killed Yfuken the pandemonium lord
118065 | Pan      | Noticed Amarch the pandemonium lord
118071 | Pan      | Killed Amarch the pandemonium lord
118285 | Pan      | Found an exit through the horrors of the Abyss.
118637 | Pan      | Identified the -2 tower shield of the Monkey's Uncle {rPois
                  | rCorr Dex-2 SInv}
118637 | Pan      | Noticed Mennas
118640 | Pan      | Killed Mennas
118641 | Pan      | Reached skill level 10 in Slings
118701 | Pan      | Noticed Escheo Zoffa the pandemonium lord
118703 | Pan      | Killed Escheo Zoffa the pandemonium lord
119268 | Pan      | Noticed Geme the pandemonium lord
119271 | Pan      | Reached skill level 1 in Staves
119271 | Pan      | Killed Geme the pandemonium lord
119362 | Pan      | Found an exit through the horrors of the Abyss.
119832 | Depths:3 | Escaped Pandemonium
119839 | Depths:3 | Lost mutation: You are very dopey. (Int -4) [potion of
                  | mutation]
119839 | Depths:3 | Lost mutation: Armour fits poorly on your strangely shaped
                  | body. [potion of mutation]
119839 | Depths:3 | Lost mutation: You possess an exceptional clarity of mind.
                  | [potion of mutation]
119839 | Depths:3 | Lost mutation: Your spells are a little easier to cast, but
                  | a little less powerful. [potion of mutation]
119840 | Depths:3 | Lost mutation: [You are clumsy. (Dex -2)] [potion of
                  | mutation]
119840 | Depths:3 | Lost mutation: You are frail. (-10% HP) [potion of
                  | mutation]
119840 | Depths:3 | Lost mutation: You frequently scream uncontrollably at your
                  | foes. [potion of mutation]
119840 | Depths:3 | Gained mutation: You are mostly covered in iridescent
                  | scales. (AC +4) [potion of mutation]
119840 | Depths:3 | Gained mutation: You are completely covered in iridescent
                  | scales. (AC +6) [potion of mutation]
119841 | Depths:3 | Lost mutation: You are completely covered in iridescent
                  | scales. (AC +6) [potion of mutation]
119841 | Depths:3 | Lost mutation: You are mostly covered in iridescent scales.
                  | (AC +4) [potion of mutation]
119841 | Depths:3 | Lost mutation: You are very weak. (Str -4) [potion of
                  | mutation]
119841 | Depths:3 | Gained mutation: You are robust. (+10% HP) [potion of
                  | mutation]
119870 | Depths:3 | Lost mutation: You are weak. (Str -2) [potion of mutation]
119870 | Depths:3 | Lost mutation: You are partially covered in iridescent
                  | scales. (AC +2) [potion of mutation]
119870 | Depths:3 | Lost mutation: You are robust. (+10% HP) [potion of
                  | mutation]
119870 | Depths:3 | Gained mutation: Armour fits poorly on your strangely
                  | shaped body. [potion of mutation]
119870 | Depths:3 | Gained mutation: You passively map a small area around you.
                  | [potion of mutation]
119870 | Depths:3 | Gained mutation: Your skin changes colour to match your
                  | surroundings (Stealth+). [potion of mutation]
119870 | Depths:3 | Gained mutation: Your skin blends seamlessly with your
                  | surroundings (Stealth++). [potion of mutation]
119871 | Depths:3 | Lost mutation: You occasionally shout uncontrollably at
                  | your foes. [potion of mutation]
119871 | Depths:3 | Lost mutation: You passively map a small area around you.
                  | [potion of mutation]
119871 | Depths:3 | Gained mutation: You have supernaturally acute eyesight.
                  | (SInv) [potion of mutation]
119872 | Depths:3 | Lost mutation: You are dopey. (Int -2) [potion of mutation]
119872 | Depths:3 | Lost mutation: You have supernaturally acute eyesight.
                  | (SInv) [potion of mutation]
119872 | Depths:3 | Gained mutation: You possess an exceptional clarity of
                  | mind. [potion of mutation]
119878 | Depths:3 | Lost mutation: Armour fits poorly on your strangely shaped
                  | body. [potion of mutation]
119878 | Depths:3 | Lost mutation: You possess an exceptional clarity of mind.
                  | [potion of mutation]
119878 | Depths:3 | Gained mutation: You evolve. [potion of mutation]
120766 | Dis:1    | Entered Level 1 of the Iron City of Dis
121575 | Dis:6    | Upgraded the game from 0.27-a0-1136-g0b992a5a9d to
                  | 0.27-a0-1137-g3ef0f4ec91
121576 | Dis:7    | Entered Level 7 of the Iron City of Dis
121877 | Dis:7    | Identified the +1 robe of Fortitude {rC++ Regen+ rCorr
                  | Str-5}
122075 | Dis:7    | Gained mutation: Your natural rate of healing is unusually
                  | fast. [evolution]
122731 | Dis:7    | Found the +4 staff of Dispater
122731 | Dis:7    | Noticed Dispater
122781 | Dis:7    | HP: 2/228 [Hell Sentinel/damnation[Dispater] (16)]
123003 | Dis:7    | Killed Dispater
123168 | Dis:7    | Got an iron rune of Zot
124639 | Coc:1    | Entered Level 1 of Cocytus
125081 | Coc:7    | Entered Level 7 of Cocytus
125603 | Coc:7    | Reached skill level 27 in Armour
125805 | Coc:7    | Identified the Papyrus of Dark Arts and Stones
125837 | Coc:7    | Identified the ring of the Pure Beasts {Fly Int+4 Stlth+}
126022 | Coc:7    | Noticed Antaeus
126035 | Coc:7    | Killed Antaeus
126060 | Coc:7    | Got an icy rune of Zot
126478 | D:9      | Bought a runed scarf for 232 gold pieces
126729 | Tar:1    | Entered Level 1 of Tartarus
127061 | Tar:2    | Reached skill level 5 in Staves
127094 | Tar:1    | Gained mutation: Your mind is acute. (Int +2) [evolution]
127247 | Tar:1    | Found a shadowy altar of Dithmenos.
127783 | Tar:4    | Reached skill level 1 in Long Blades
128432 | Tar:5    | Reached skill level 5 in Long Blades
129099 | Tar:6    | Reached skill level 10 in Long Blades
129141 | Tar:7    | Entered Level 7 of Tartarus
129535 | Tar:7    | Identified the +11 fustibalus "Xariso" {vorpal, rC- rN++
                  | Int+2 Stlth+}
129552 | Tar:7    | Noticed an ancient lich
129555 | Tar:7    | Killed an ancient lich
129557 | Tar:7    | Found the -2 hat of the Alchemist {rElec rPois rF+ rC+ rN+
                  | Will+ rMut rCorr}
129690 | Tar:7    | Identified the +1 flail "Transmigrator" {vamp, rC+ Str+4}
130278 | Tar:7    | Noticed Ereshkigal
130282 | Tar:7    | Killed Ereshkigal
130330 | Tar:7    | Got a bone rune of Zot
130803 | Geh:1    | Entered Level 1 of Gehenna
131568 | Geh:7    | Entered Level 7 of Gehenna
132355 | Geh:7    | Identified the +4 shortbow of the Leaping Messenger
                  | {vorpal, rElec rN+++ Str+4 Stlth-}
132534 | Geh:7    | Reached skill level 15 in Long Blades
132558 | Geh:7    | Found the +3 robe of Folly {Archmagi, Will-- Int+5}
132581 | Geh:7    | Identified the Collected Works on Darkness
132672 | Geh:7    | Found the +7 sceptre of Asmodeus
132672 | Geh:7    | Noticed Asmodeus
132685 | Geh:7    | Killed Asmodeus
132717 | Geh:7    | Identified the +11 battleaxe of Disorder {elec, rF+ Int+5}
132720 | Geh:7    | Identified the +9 plate armour of Egalitarianism {Str+4}
132722 | Geh:7    | Identified the Volume of Sinister Curses
132745 | Geh:7    | Identified the +0 scale mail of Parts Unknown {-Tele Int+7}
132746 | Geh:7    | Identified the Handbook of the Volcanoes and Execration
132771 | Geh:7    | Got an obsidian rune of Zot
132780 | Geh:7    | Identified the Guide on Changing and Weightlessness
132785 | Geh:7    | Identified Sif Muna's Guide on Slavery
133024 | Depths:3 | Gained mutation: You have a pair of small horns on your
                  | head. [evolution]
133032 | Depths:3 | Lost mutation: Your mind is acute. (Int +2) [potion of
                  | mutation]
133032 | Depths:3 | Lost mutation: Your natural rate of healing is unusually
                  | fast. [potion of mutation]
133032 | Depths:3 | Gained mutation: Your body sometimes deteriorates upon
                  | taking damage. [potion of mutation]
133032 | Depths:3 | Lost mutation: You have a pair of small horns on your head.
                  | [potion of mutation]
133032 | Depths:3 | Gained mutation: Your spells are a little harder to cast,
                  | but a little more powerful. [potion of mutation]
133032 | Depths:3 | Gained mutation: You have supernaturally acute eyesight.
                  | (SInv) [potion of mutation]
133869 | Tomb:1   | Entered Level 1 of the Tomb of the Ancients
134220 | Tomb:1   | Noticed a royal mummy
134233 | Tomb:1   | Killed a royal mummy
134578 | Tomb:2   | Noticed a royal mummy
134579 | Tomb:2   | Noticed a royal mummy
134581 | Tomb:2   | Noticed a royal mummy
134584 | Tomb:2   | Killed a royal mummy
134585 | Tomb:2   | Reached skill level 15 in Throwing
134590 | Tomb:2   | Killed a royal mummy
134590 | Tomb:2   | Noticed a royal mummy
134593 | Tomb:2   | Killed a royal mummy
134594 | Tomb:2   | Killed a royal mummy
134940 | Tomb:1   | Noticed a royal mummy
134943 | Tomb:1   | Noticed a royal mummy
134946 | Tomb:1   | Killed a royal mummy
134949 | Tomb:1   | Noticed a royal mummy
134950 | Tomb:1   | Killed a royal mummy
134954 | Tomb:1   | Killed a royal mummy
134988 | Tomb:1   | Noticed a royal mummy
134995 | Tomb:1   | Killed a royal mummy
135000 | Tomb:1   | Noticed a royal mummy
135004 | Tomb:1   | Killed a royal mummy
135035 | Tomb:1   | Noticed a royal mummy
135040 | Tomb:1   | Killed a royal mummy
135042 | Tomb:1   | Noticed a royal mummy
135043 | Tomb:1   | Noticed a royal mummy
135049 | Tomb:1   | Killed a royal mummy
135049 | Tomb:1   | Killed a royal mummy
135083 | Tomb:1   | Noticed a royal mummy
135089 | Tomb:1   | Killed a royal mummy
135102 | Tomb:1   | Noticed a royal mummy
135104 | Tomb:1   | Noticed a royal mummy
135105 | Tomb:1   | Killed a royal mummy
135106 | Tomb:1   | Killed a royal mummy
135132 | Tomb:1   | Noticed a royal mummy
135137 | Tomb:1   | Killed a royal mummy
135137 | Tomb:1   | Noticed a royal mummy
135143 | Tomb:1   | Killed a royal mummy
135174 | Tomb:1   | Noticed a royal mummy
135180 | Tomb:1   | Killed a royal mummy
135181 | Tomb:1   | Reached skill level 27 in Shields
135187 | Tomb:1   | Noticed a royal mummy
135189 | Tomb:1   | Killed a royal mummy
135235 | Tomb:1   | Noticed a royal mummy
135236 | Tomb:1   | Noticed a royal mummy
135239 | Tomb:1   | Killed a royal mummy
135239 | Tomb:1   | Killed a royal mummy
135270 | Tomb:1   | Noticed a royal mummy
135275 | Tomb:1   | Killed a royal mummy
135305 | Tomb:1   | Noticed a royal mummy
135309 | Tomb:1   | Killed a royal mummy
135333 | Tomb:1   | Noticed a royal mummy
135339 | Tomb:1   | Killed a royal mummy
135370 | Tomb:1   | Noticed a royal mummy
135371 | Tomb:1   | Noticed a royal mummy
135373 | Tomb:1   | Killed a royal mummy
135373 | Tomb:1   | Killed a royal mummy
135393 | Tomb:1   | Noticed a royal mummy
135395 | Tomb:1   | Killed a royal mummy
135975 | Tomb:3   | Entered Level 3 of the Tomb of the Ancients
135984 | Tomb:3   | Reached skill level 27 in Dodging
135997 | Tomb:3   | Killed Frederick
136017 | Tomb:3   | Killed a royal mummy
136018 | Tomb:3   | Noticed a royal mummy
136020 | Tomb:3   | Killed a royal mummy
136022 | Tomb:3   | Noticed a royal mummy
136023 | Tomb:3   | Noticed a royal mummy
136024 | Tomb:3   | Killed a royal mummy
136025 | Tomb:3   | Killed a royal mummy
136030 | Tomb:3   | Noticed a royal mummy
136031 | Tomb:3   | Identified the +0 falchion "Kyanwist" {vorpal, *Noise +Rage
                  | SInv}
136031 | Tomb:3   | Noticed a royal mummy
136032 | Tomb:3   | Killed a royal mummy
136034 | Tomb:3   | Killed a royal mummy
136034 | Tomb:3   | Killed a royal mummy
136040 | Tomb:3   | Killed a royal mummy
136136 | Tomb:3   | Found the necklace of Bloodlust {*Rage +Rage Will++ Int-3
                  | Slay+6}
136192 | Tomb:3   | Identified the Guide on Stolen Souls
136197 | Tomb:3   | Noticed a royal mummy
136200 | Tomb:3   | Killed a royal mummy
136339 | Tomb:3   | Identified the +9 morningstar "Ecwedohe" {vorpal, rCorr
                  | Int+3 Dex+6 Stlth+}
136346 | Tomb:3   | Identified the +1 hand axe "Tuittump" {pain, rC+}
136347 | Tomb:3   | Identified the +10 whip "Buovuew" {drain, *Slow Int+4}
136382 | Tomb:3   | Identified the +5 morningstar "Paesmaw" {freeze, rPois}
136499 | Tomb:3   | Got a golden rune of Zot
137598 | Zot:5    | Got the Orb of Zot
137645 | Zot:5    | Noticed Zeusuade the pandemonium lord
137657 | Zot:5    | Killed Zeusuade the pandemonium lord
137823 | Depths:5 | Noticed Nausar the pandemonium lord
138116 | D:6      | Noticed Feona the pandemonium lord
138119 | D:6      | Killed Feona the pandemonium lord
138190 | D:3      | Noticed Talefu Nayn the pandemonium lord
138196 | D:3      | Killed Talefu Nayn the pandemonium lord
138229 | D:$      | Escaped with the Orb!

Illustrated notes

Levels and vault maps discovered:
D:1:      minmay_arrival_glassed_features, layout_loops_ring,
          basic_ecumenical_altar, serial_forest, infiniplex_forest_lined_corner,
          infiniplex_forest_end_1, infiniplex_forest_clump_diagonal,
          infiniplex_forest_lined_3_way, infiniplex_forest_clump_double,
          infiniplex_forest_straight_2, corexii_item_surrounded_by_moat
D:2:      layout_basic, minmay_hexomino_r4, uniq_robin
D:3:      layout_rooms, nicolae_ru_the_path_less_chosen, serial_shops, shop,
          uniq_jessica
D:4:      layout_loops_ring, kennysheep_mini_moat, lemuel_round_altar,
          uniq_natasha, uniq_duvessa, uniq_sigmund, uniq_edmund
D:5:      kennysheep_slugbush, layout_layer_cave, minmay_temple_entry_waves,
          enter_ossuary_3
D:6:      layout_gridville, kennysheep_little_box
D:7:      layout_rooms, serial_bayou_pond_c, chequers_serial_rivers_marsh,
          uniq_menkaure
D:8:      layout_loops_ring, nicolae_tso_swordbearing_angel,
          general_overflow_altar, erik_lair_island, nicolae_two_hexagons
D:9:      layout_basic, nicolae_overflow_crystal_walls, serial_shops,
          nicolae_shop_window_shopping, shop, minmay_misc_feat_rugged,
          minmay_hedge_maze, minmay_misc_feat_secret_circle, hive_lemuel,
          uniq_maurice
D:10:     layout_small_grid, david_orc_5, uniq_harold
D:11:     layout_grid_maze, serial_shops, shop_statue,
          kennysheep_generic_room_11
D:12:     layout_irregular_city, serial_shops, shop,
          nicolae_trove_entry_free_sample
D:13:     layout_basic, david_vaults_2
D:14:     layout_big_octagon, minmay_misc_feat_cross
D:15:     grunt_enter_depths_magical_seal, layout_irregular_city,
          nicolae_dithmenos_through_a_glass_darkly, fedhas_altar_3
Temple:   regret_index_temple_generic_petals
Lair:1:   layout_loops_ring, enter_volcano_4, lemuel_fruit_tree
Lair:2:   layout_roguey, shoals_dummy_entry, grunt_megastairs_3,
          serial_bayou_shore_b
Lair:3:   layout_concentric_octagons
Lair:4:   layout_cave_pods, minmay_snake_entry_six_corridors, lookout_lair_type
Lair:5:   layout_layer_cave, gammafunk_ghost_arena, serial_rivers,
          chequers_serial_rivers_micro_e, chequers_serial_rivers_marsh,
          chequers_serial_rivers_micro_a, chequers_serial_rivers_micro_b
Lair:6:   wormcave, layout_cave_shapes, hangedman_lair_tendril_chambers,
          slime_dummy, grunt_megastairs_1, serial_bayou_shore_b,
          lemuel_fruit_fields
Shoals:1: layout_shoals, serial_shops, shop, nicolae_shoals_kraken_intersection
Shoals:2: layout_shoals, argonaut_gorgonesque
Shoals:3: layout_shoals, gammafunk_ghost_berserking_beasts
Shoals:4: shoals_end_grunt_ice, layout_shoals, nicolae_shoals_aquamancer_cove,
          uniq_polyphemus
Snake:1:  layout_rooms, basic_altar, nicolae_snake_squiggles,
          serial_bayou_shore_a, minmay_shop_grove, uniq_louise, uniq_nikola
Snake:2:  layout_layer_cave, serial_shops, shop, basic_altar, grunt_megastairs_4
Snake:3:  layout_grid_shapes
Snake:4:  johnstein_snake_rune_scales, layout_gridlike, serial_shops,
          nicolae_shop_trees
Slime:1:  layout_caves
Slime:2:  layout_caves
Slime:3:  layout_caves
Slime:4:  layout_caves
Slime:5:  uniq_dissolution
Orc:1:    layout_diamond_mine, nicolae_orc_tapped_out, uniq_jorgrun
Orc:2:    st_orc_rangers, layout_caves, gauntlet_entry_generic, uniq_saint_roka,
          uniq_erolcha, uniq_urug, uniq_josephine
Elf:1:    layout_loops_corners, hangedman_elf_represent,
          hangedman_elf_power_crystal, dk_noncrumbling_3, uniq_kirke
Elf:2:    layout_gridlike, ebering_ghost_reflecting_pool, serial_shops, shop,
          shop, shop, shop, shop
Elf:3:    minmay_elf_hall_furrowed, layout_geoelf_diagonals,
          ploomutoo_gammafunk_ghost_potion_laboratory, minmay_fountain_box,
          minmay_elf_annihilation, uniq_bai_suzhen
Vaults:1: advil_vaults_ghost_guards, vaults_standard_mumra_enter_the_diamond,
          ontoclasm_vaults_ring_small, serial_ice_b,
          nicolae_vaults_diagonal_hallway_9, v_misc_27, hangedman_vaults_cutoff,
          nicolae_vaults_twisting_passages, vaults_room_stairs_pillars,
          nicolae_vaults_little_squares_3, layout_vaults_chaotic_city,
          portal_desolation_entry_ruin
Vaults:2: vaults_dpeg_cross, hangedman_vaults_stitches, v_misc_27,
          nicolae_vaults_little_squares_6, ontoclasm_vaults_gateway,
          hangedman_vaults_corner_blocks, layout_vaults_omnigrid, serial_shops,
          nicolae_shop_waterfront
Vaults:3: nicolae_vaults_mini_display_case, vaults_not_door_vault_mu, v_misc_28,
          hangedman_vaults_maws, v_pattern_5, minmay_crypt_entry_vampire_xt,
          v_rooms_3, vaults_room_ringed_pool, hangedman_vaults_maws,
          nicolae_vaults_gold_heap, serial_ice_m, layout_vaults_omnicross
Vaults:4: vaults_room_boxed, v_misc_3, grunt_vaults_swirl, v_rooms_4,
          vaults_standard_mumra_x, nicolae_vaults_yaktaur_gun_rack,
          ontoclasm_vaults_ring_small, hangedman_vaults_impose,
          vaults_dpeg_doors, nicolae_vaults_shelves_hall,
          nicolae_vaults_ring_of_whatevers, grunt_vaults_hallway_short,
          layout_vaults_ring
Vaults:5: serial_shops
Crypt:1:  layout_gridlike, minmay_guarded_unrand_skullcrusher,
          grunt_crypt_arrival_webbed
Crypt:2:  gammafunk_sealed_library, layout_misc_corridors
Crypt:3:  lightli_unholy_cathedral, layout_chaotic_city,
          nicolae_crypt_ancient_font, uniq_jory, uniq_xtahua
Tomb:1
Tomb:2
Tomb:3:   uniq_frederick
Depths:1: layout_forbidden_donut, grunt_metal_band, minmay_misc_feat_plants,
          nicolae_uskayaw_murder_on_the_dancefloor, grunt_megastairs_5,
          kennysheep_random_hallway
Depths:2: lemuel_river_lethe, abyss_entry, hell_entry
Depths:3: minmay_the_grid_square_5x5_4x4_mashed [minmay_the_grid_square_5x5_n,
          minmay_the_grid_square_5x5_three_small,
          minmay_the_grid_square_5x5_inner_v,
          minmay_the_grid_square_5x5_hollow_slash,
          minmay_the_grid_square_5x5_spiral_small,
          minmay_the_grid_square_5x5_prize_deathbox,
          minmay_the_grid_square_5x5_prize_open,
          minmay_the_grid_square_5x5_two_walls_a,
          minmay_the_grid_square_5x5_trominoes,
          minmay_the_grid_square_5x5_prize_snowflake,
          minmay_the_grid_square_5x5_prize_gold,
          minmay_the_grid_square_5x5_eight_small,
          minmay_the_grid_square_5x5_shrine1, minmay_the_grid_square_5x5_bite,
          minmay_the_grid_square_5x5_comb, minmay_the_grid_square_5x5_v],
          layout_cave_pools, serial_shops, bzr_entry_safe, pan_entry,
          hangedman_geh_valley, serial_column_ruins,
          column_ruins_courtyard_long, column_ruins_hut, column_ruins_grid_1,
          column_ruins_grid_3, column_ruins_grid_1, column_ruins_columns_water,
          column_ruins_columns_straight, column_ruins_columns_corner,
          column_ruins_grid_1, serial_bayou_ford_a, serial_bayou_shore_b
Depths:4: nzn_winding_woodlands_small
          [nzn_winding_woodlands_5x15_pathside_ponds,
          nzn_winding_woodlands_center_pierced_h,
          nzn_winding_woodlands_5x15_pockets], layout_cave_shapes,
          nicolae_vehumet_radiance, abyss_entry, hangedman_coc_ice_floe
Depths:5: grunt_zot_entry_hairpin, layout_cave_pools, enter_ziggurat_e,
          hangedman_tar_grid_catacomb, nicolae_ashenzari_skybound,
          gammafunk_ghost_icy
Hell
Dis:1:    layout_gridville
Dis:2:    layout_regular_city, hangedman_player_shredder, lemuel_elevator
Dis:3:    layout_gridville
Dis:4:    layout_subdivisions
Dis:5:    layout_chaotic_city
Dis:6:    layout_jigsaw
Dis:7:    dis_hangedman
Geh:1:    layout_gehenna_lava_caves
Geh:2:    layout_gehenna_pools_triple
Geh:3:    layout_gehenna_pools_triple, minmay_fire_ice_demons
Geh:4:    layout_gehenna_pools_triple
Geh:5:    layout_gehenna_lava_caves
Geh:6:    layout_gehenna_pools_box
Geh:7:    geh_mu
Coc:1:    layout_ice_bergs
Coc:2:    layout_ice_bergs
Coc:3:    layout_ice_bergs
Coc:4:    layout_ice_bergs
Coc:5:    layout_cocytus_delve
Coc:6:    layout_cocytus_delve
Coc:7:    coc_dpeg
Tar:1:    regret_index_dithmenos_brocken_genspenst, layout_cathedral_of_symmetry
Tar:2:    layout_grid_maze
Tar:3:    layout_honeycomb
Tar:4:    layout_grid_maze
Tar:5:    layout_grid_maze
Tar:6:    layout_grid_maze
Tar:7:    tar_grunt, tar_grunt_ereshkigal, tar_grunt_big_loot,
          tar_grunt_small_loot, tar_grunt_small_loot, tar_grunt_small_loot,
          tar_grunt_decor_3, tar_grunt_decor_1, tar_grunt_small_decor_pillar,
          tar_grunt_decor_cross_ortho, tar_grunt_small_decor_pillar,
          tar_grunt_small_decor_pillar, tar_grunt_decor_1,
          tar_grunt_small_decor_pillar, tar_grunt_small_decor_pillar,
          tar_grunt_decor_1, tar_grunt_decor_4, tar_grunt_decor_circle_5,
          tar_grunt_small_decor_pillar, nicolae_tar_cuneiform_oil,
          tar_grunt_decor_1
Zot:1:    layout_cathedral_of_symmetry
Zot:2:    layout_gridlike
Zot:3:    layout_misc_corridors, ebering_ghost_disaster_area
Zot:4:    kennysheep_six_static_rooms, layout_cathedral_of_symmetry
Zot:5:    layout_twisted_circle

Skill      XL: |  1  2  3  4  5  6  7  8  9 10 11 12 13 14 15 16 17 18 19 20 21 22 23 24 25 26 27 |
---------------+----------------------------------------------------------------------------------+-----
Spellcasting   | 3 4 5 6 7 8 11 12 13 14 15 16 17 18 19 20 21 22 23 24 25 27 | 27.0
Fighting       | 1 2 3 4 6 8 9 10 12 13 14 15 16 17 18 19 27 | 27.0
Shields        | 1 2 3 4 5 6 7 8 9 10 12 13 14 15 27 | 27.0
Invocations    | 2 6 7 8 9 10 13 15 16 17 25 | 25.0
Armour         | 2 5 7 8 10 11 12 13 14 27 | 27.0
Evocations     | 1 13 | 13.2
Dodging        | 27 | 27.0
Throwing       | 16 | 16.6
Short Blades   | 2 |  2.7
Stealth        | 14 | 14.7
Slings         | 12 | 12.4
Staves         | 8 |  8.7
Long Blades    | 20 | 20.0

Action                   |  1- 3 |  4- 6 |  7- 9 | 10-12 | 13-15 | 16-18 | 19-21 | 22-24 | 25-27 || total
-------------------------+-------+-------+-------+-------+-------+-------+-------+-------+-------++-------
Melee: Staff             |       |       |     2 |       |    12 |     5 |     9 |     6 |    67 ||   101
       Long sword        |       |       |       |       |       |       |       |       |    69 ||    69
       Falchion          |       |       |       |       |       |       |       |       |    26 ||    26
Throw: Javelin           |       |       |       |       |       |       |       |       |     4 ||     4
 Cast: Shock             |    68 |   103 |   152 |       |       |       |       |       |     1 ||   324
       Sandblast         |     3 |     3 |     4 |     1 |     6 |       |       |       |       ||    17
       Static Discharge  |       |     5 |    10 |    10 |     1 |       |       |       |       ||    26
       Poisonous Vapours |       |       |    55 |     4 |     6 |       |       |       |       ||    65
       Swiftness         |       |       |     1 |     1 |     3 |     2 |     2 |     1 |     3 ||    13
       Airstrike         |       |       |    60 |   208 |   241 |     3 |       |       |       ||   512
       Lightning Bolt    |       |       |     1 |    56 |   114 |    60 |    10 |       |     5 ||   246
       Hailstorm         |       |       |       |       |     4 |       |       |       |       ||     4
       Iron Shot         |       |       |       |       |    33 |   436 |   666 |   619 |  3937 ||  5691
       Invisibility      |       |       |       |       |       |       |     5 |       |       ||     5
       Discord           |       |       |       |       |       |       |       |     6 |     5 ||    11
       Fire Storm        |       |       |       |       |       |       |       |       |   948 ||   948
       Necromutation     |       |       |       |       |       |       |       |       |    82 ||    82
       Summon Horrible T |       |       |       |       |       |       |       |       |     4 ||     4
Invok: Greater Healing   |       |       |       |     1 |     5 |     9 |     7 |     3 |    26 ||    51
       Purification      |       |       |       |       |     1 |       |       |       |       ||     1
       Divine Protection |       |       |       |       |       |     1 |     1 |       |     4 ||     6
       Greater Servant o |       |       |       |       |       |       |       |       |     9 ||     9
       Lesser Healing    |       |       |       |       |       |       |       |       |     2 ||     2
       Divine Vigour     |       |       |       |       |       |       |       |       |     1 ||     1
 Abil: Evoke Blink       |       |       |       |       |       |       |       |       |    71 ||    71
       End Transformatio |       |       |       |       |       |       |       |       |     1 ||     1
Evoke: Wand              |       |       |       |       |       |       |       |     1 |     9 ||    10
  Use: Scroll            |       |     3 |     8 |    13 |     8 |    11 |     5 |     1 |    36 ||    85
       Potion            |       |       |       |     1 |     2 |     2 |     2 |     1 |    18 ||    26
 Stab: Sleeping          |       |       |       |       |       |       |       |       |     1 ||     1
Armor: Robe              |     5 |     5 |     8 |     1 |       |       |       |       |       ||    19
       Leather armour    |       |       |       |     1 |    47 |     5 |       |       |       ||    53
       Quicksilver drago |       |       |       |       |       |   112 |   115 |    93 |   630 ||   950
       Skin              |       |       |       |       |       |     3 |       |       |       ||     3
Dodge: Dodged            |    23 |    24 |    17 |    25 |    59 |    83 |    61 |    48 |   690 ||  1030
Block: Tower shield      |     4 |       |       |       |       |       |       |       |  1082 ||  1086
       Buckler           |       |       |       |     3 |    55 |   103 |       |       |    14 ||   175
       Kite shield       |       |       |       |       |       |     6 |   169 |   165 |   617 ||   957
       Reflection        |       |       |       |       |       |     1 |    70 |    28 |    86 ||   185
       Rpst.: Falchion   |       |       |       |       |       |       |       |       |     9 ||     9
       Long sword        |       |       |       |       |       |       |       |       |     9 ||     9

Table legend: (Time is in decaauts)
 A = Elapsed time spent in this place.
 B = Non-inter-level travel time spent in this place.
 C = Inter-level travel time spent in this place.
 D = Time resting spent in this place.
 E = Time spent auto-exploring this place.
 F = Levels seen in this place.
 G = Mean time per level.
                   A        B        C        D        E       F      G
               +--------+--------+--------+--------+--------+-----+--------+
         Total | 138840 | 116371 |  22469 |  27736 |  29407 | 115 | 1207.3 |
       Dungeon |  26959 |  19208 |   7751 |   6330 |   7433 |  15 | 1797.3 |
        Temple |    247 |    210 |     37 |      0 |    209 |   1 |  247.0 |
          Lair |   8488 |   7175 |   1313 |   1157 |   3540 |   6 | 1414.7 |
        Shoals |   4772 |   4321 |    451 |   1285 |    437 |   4 | 1193.0 |
     Snake Pit |   5605 |   4944 |    661 |   1259 |   2154 |   4 | 1401.2 |
    Slime Pits |   3052 |   2881 |    171 |    557 |   1063 |   5 |  610.4 |
  Orcish Mines |   3636 |   1962 |   1674 |    344 |    744 |   2 | 1818.0 |
   Elven Halls |   7865 |   6758 |   1107 |   1978 |   1713 |   3 | 2621.7 |
        Vaults |  11371 |   8077 |   3294 |   1399 |   2907 |   5 | 2274.2 |
         Crypt |   4730 |   4026 |    704 |    652 |    499 |   3 | 1576.7 |
          Tomb |   3097 |   2594 |    503 |    549 |    163 |   3 | 1032.3 |
        Depths |  13385 |  10099 |   3286 |   3594 |   1196 |   5 | 2677.0 |
          Hell |    628 |    529 |     99 |      0 |    228 |   1 |  628.0 |
           Dis |   2566 |   2480 |     86 |    185 |      0 |   7 |  366.6 |
       Gehenna |   2188 |   2096 |     92 |     88 |     71 |   7 |  312.6 |
       Cocytus |   1552 |   1539 |     13 |     72 |     85 |   7 |  221.7 |
      Tartarus |   3827 |   3524 |    303 |     63 |    486 |   7 |  546.7 |
           Zot |   9263 |   8342 |    921 |   2250 |   2104 |   5 | 1852.6 |
         Abyss |   1764 |   1764 |      0 |    225 |      0 |   3 |  588.0 |
   Pandemonium |  19568 |  19568 |      0 |   4362 |   4164 |  17 | 1151.1 |
         Trove |    176 |    176 |      0 |      0 |     13 |   1 |  176.0 |
       Ossuary |   1606 |   1606 |      0 |   1081 |      0 |   1 | 1606.0 |
       Volcano |    528 |    528 |      0 |     19 |      0 |   1 |  528.0 |
    Desolation |   1083 |   1083 |      0 |    156 |    198 |   1 | 1083.0 |
      Gauntlet |    870 |    870 |      0 |    131 |      0 |   1 |  870.0 |
               +--------+--------+--------+--------+--------+-----+--------+

Top non-repeatable levels by time:
   Elf:3: 4320 daAuts
Depths:2: 3893 daAuts
   Zot:5: 2984 daAuts
Vaults:2: 2919 daAuts
    D:13: 2836 daAuts
Depths:4: 2645 daAuts
Vaults:3: 2530 daAuts
Depths:5: 2448 daAuts
   Zot:4: 2414 daAuts
Vaults:5: 2342 daAuts
Depths:1: 2255 daAuts
Vaults:1: 2202 daAuts
     D:8: 2170 daAuts
Depths:3: 2142 daAuts
    D:10: 2124 daAuts
